 Dungeon Crawl Stone Soup version 0.31-a0-182-gc5ef74bbde (webtiles) character file.

Game seed: 14282370716205827739

706651 Anon1729 the Ninja (level 27, -7/173 HPs)
             Began as an Octopode Monk on June 20, 2023.
             Was the Champion of Hepliaklqana.
             Mangled by a Killer Klown
             ... wielding a +10 club
              (23 damage)
             ... on level 12 of a ziggurat.
             The game lasted 05:31:50 (75728 turns).

Anon1729 the Ninja (Octopode Monk)                 Turns: 75728, Time: 05:31:50

Health: -7/173     AC:  0    Str: 11      XL:     27
Magic:  23/41      EV: 29    Int: 21 (22) God:    Hepliaklqana [******]
Gold:   3880       SH:  0    Dex: 14      Spells: 25/55 levels left

rFire   . .          .
                       - Unarmed
rCold   . . .        S - melded +2 shield of Resistance {rF++ rC++ Will++}
rNeg    . . .        r - melded +2 hat
rPois   .            u - dreamdust necklace {Acrobat}
rElec   .            J - melded ring "Goosieh" {Str+6 Dex+6}
rCorr   .            h - melded ring "Funulott" {Drain rCorr Str+6 Int+2 Dex+4}
SInv    .            l - melded ring of Dissent {rPois rN+ Will+ Str+4 Dex+3 Stlth-}
Will    ++...        v - melded ring "Lucasur" {rC- rN++ MP+9 EV+5 Str+3}
Stlth   +++++++++    b - melded ring of Kiheusut {*Slow rElec Str+6 Int+7 Stlth-}
HPRegen 0.48/turn    N - melded ring of Mutualism {rElec rC+ Str-3 Int+6 SInv}
MPRegen 0.27/turn    X - melded ring "Ysachor" {rF++ rC+ rN+ Str+3 Dex+6}
                     j - melded ring of Puromujicuin {EV+5 Int+6 Slay+3 Stlth-}

%: acrobat
@: agile, pig-form, wereblooded, slightly contaminated, hasted and slowed,
studying 3 skills, very quick
A: fast, no casting, reduced essence, almost no armour, (amphibious), (8 rings),
small, (camouflage 1), (gelatinous body 1), (nimble swimmer 1), (tentacles),
(fangs 1), (iridescent scales 1), (cold resistance 1), deterioration 1, dopey 1,
(shaggy fur 1), weak 1, evolution 1
}: 4/15 runes: decaying, serpentine, slimy, silver
a: Renounce Religion, Recall Ancestor, Ancestor Identity, Transference, Idealise


You were on level 12 of a ziggurat.
You worshipped Hepliaklqana.
Hepliaklqana was exalted by your worship.
You were a filthy swine.
You visited 13 branches of the dungeon, and saw 57 of its levels.
You visited the Abyss 2 times.
You visited 2 bazaars.
You visited 1 ziggurat, and saw 12 of its levels.
You also visited: Ossuary, Gauntlet, Ice Cave and Desolation.

You collected 11122 gold pieces.
You spent 7242 gold pieces at shops.

Inventory:

Hand Weapons
 w - the +8 lance "Wyrmbane" {slay drac, rPois rF+ rC+ AC+3}
   (You found it on level 11 of a ziggurat)

   AC:        It affects your AC (+3).
   rF:        It protects you from fire.
   rC:        It protects you from cold.
   rPois:     It protects you from poison.
Missiles
 a - 5 datura-tipped darts
 c - 18 silver javelins
 e - 26 atropa-tipped darts
 x - 7 curare-tipped darts
Armour
 r - a +2 hat (melded)
 S - the +2 shield of Resistance (melded) {rF++ rC++ Will++}
   (You found it on level 2 of the Lair of Beasts)

   rF:        It greatly protects you from fire.
   rC:        It greatly protects you from cold.
   Will:      It greatly increases your willpower.
Jewellery
 b - the ring of Kiheusut (melded) {*Slow rElec Str+6 Int+7 Stlth-}
   (You took it off an imperial myrmidon in the Desolation of Salt)

   [ring of strength]

   Str:       It affects your strength (+6).
   Int:       It affects your intelligence (+7).
   rElec:     It insulates you from electricity.
   *Slow:     It may slow you when you take damage.
   Stlth:     It makes you less stealthy.
 h - the ring "Funulott" (melded) {Drain rCorr Str+6 Int+2 Dex+4}
   (You took it off a deep elf annihilator on level 3 of the Elven Halls)

   [ring of strength]

   Str:       It affects your strength (+6).
   Int:       It affects your intelligence (+2).
   Dex:       It affects your dexterity (+4).
   rCorr:     It protects you from acid and corrosion.
   Drain:     It drains your maximum health when unequipped.
 j - the ring of Puromujicuin (melded) {EV+5 Int+6 Slay+3 Stlth-}
   (You bought it in a shop on level 6 of the Dungeon)

   [ring of evasion]

   EV:        It affects your evasion (+5).
   Int:       It affects your intelligence (+6).
   Slay:      It affects your accuracy & damage with ranged weapons and melee
   (+3).
   Stlth:     It makes you less stealthy.
 l - the ring of Dissent (melded) {rPois rN+ Will+ Str+4 Dex+3 Stlth-}
   (You found it on level 5 of the Pits of Slime)

   [ring of willpower]

   Str:       It affects your strength (+4).
   Dex:       It affects your dexterity (+3).
   rPois:     It protects you from poison.
   rN:        It protects you from negative energy.
   Will:      It increases your willpower.
   Stlth:     It makes you less stealthy.
 u - the dreamdust necklace (around neck) {Acrobat}
   (You found it on level 1 of the Vaults)

   [amulet of the acrobat]

   It increases your evasion while moving and waiting.
 v - the ring "Lucasur" (melded) {rC- rN++ MP+9 EV+5 Str+3}
   (You found it on level 4 of the Dungeon)

   [ring of evasion]

   EV:        It affects your evasion (+5).
   Str:       It affects your strength (+3).
   rC:        It makes you vulnerable to cold.
   rN:        It greatly protects you from negative energy.
   MP:        It affects your magic capacity (+9).
 F - the ring of Symmetry {Fly Int+3}
   (You found it on level 6 of a ziggurat)

   [ring of flight]

   Int:       It affects your intelligence (+3).
   Fly:       It grants you flight.
 J - the ring "Goosieh" (melded) {Str+6 Dex+6}
   (You bought it in a shop on level 6 of the Dungeon)

   [ring of strength]

   Str:       It affects your strength (+6).
   Dex:       It affects your dexterity (+6).
 N - the ring of Mutualism (melded) {rElec rC+ Str-3 Int+6 SInv}
   (You found it on level 5 of the Pits of Slime)

   [ring of intelligence]

   Str:       It affects your strength (-3).
   Int:       It affects your intelligence (+6).
   rC:        It protects you from cold.
   rElec:     It insulates you from electricity.
   SInv:      It lets you see invisible.
 O - the amulet of Undoing {Reflect Rampage Will+ SH+5}
   (You bought it in a shop on level 1 of the Snake Pit)

   [amulet of reflection]

   It reflects blocked missile attacks.
   SH:        It affects your SH (+5).
   Rampage:   It bestows one free step when moving towards enemies.
   Will:      It increases your willpower.
 X - the ring "Ysachor" (melded) {rF++ rC+ rN+ Str+3 Dex+6}
   (You bought it in a shop on level 6 of the Dungeon)

   [ring of dexterity]

   Str:       It affects your strength (+3).
   Dex:       It affects your dexterity (+6).
   rF:        It greatly protects you from fire.
   rC:        It protects you from cold.
   rN:        It protects you from negative energy.
Wands
 k - a wand of digging (40)
 n - a wand of polymorph (46)
 R - a wand of acid (17)
 W - a wand of roots (78)
 Y - a wand of mindburst (41)
 Z - a wand of paralysis (98)
Scrolls
 o - 10 scrolls of fear
 q - 9 scrolls of amnesia
 s - 26 scrolls of teleportation
 y - 10 scrolls of fog
 D - 4 scrolls of silence
 E - 17 scrolls of poison
 G - 6 scrolls of vulnerability
 H - 2 scrolls of immolation
 L - 12 scrolls of revelation
Potions
 d - 5 potions of mutation
 g - 14 potions of might
 i - 4 potions of berserk rage
 m - 7 potions of magic
 p - 14 potions of curing
 z - 4 potions of attraction
 A - a potion of haste
 B - 18 potions of brilliance
 C - 7 potions of resistance
 I - 8 potions of invisibility
 K - 21 potions of enlightenment
 P - 5 potions of ambrosia
 Q - 11 potions of lignification
 V - 5 potions of cancellation
Miscellaneous
 f - a phantom mirror (inert)
 M - a phial of floods
 T - a tin of tremorstones (inert)
 U - a sack of spiders


   Skills:
 + Level 17.5 Fighting
 + Level 17.4 Throwing
 + Level 17.3 Dodging
 O Level 27 Stealth
 + Level 14.6 Shields
 + Level 17.2 Unarmed Combat
 + Level 14.5 Spellcasting
 + Level 15.0 Conjurations
 - Level 1.0 Summonings
 + Level 14.1 Transmutations
 * Level 21.6 Earth Magic
 + Level 15.2 Invocations
 + Level 15.3 Evocations


You had 25 spell levels left.
You knew the following spells:

 Your Spells              Type           Power      Damage    Failure   Level
a - Summon Small Mammal   Summ           76%        N/A       2%          1
b - Passwall              Tmut/Erth      61%        N/A       0%          2
c - Sandblast             Erth           100%       2d20      0%          1
d - Stone Arrow           Conj/Erth      100%       3d13      0%          3
e - Leda's Unmaking       Conj/Erth      37%        9d7       1%          6
f - Irradiate             Conj/Tmut      33%        3d22      1%          5
g - Petrify               Tmut/Erth      74%        N/A       1%          4
h - Statue Form           Tmut/Erth      49%        N/A       1%          6
i - Wereblood             Tmut           65%        N/A       1%          2

Your spell library contained the following spells:

 Spells                   Type           Power      Damage    Failure   Level
 Beastly Appendage        Tmut           100%       N/A       0%          1
 Magic Dart               Conj           100%       1d8       0%          1
 Searing Ray              Conj           100%       2d8       0%          2
 Kiss of Death            Conj/Necr      100%       2d13      1%          1
 Shock                    Conj/Air       100%       1d9       1%          1
 Sting                    Tmut/Pois      100%       1d8       1%          1
 Dazzling Flash           Conj/Hex       92%        N/A       1%          3
 Hailstorm                Conj/Ice       46%        3d11      1%          3
 Ignite Poison            Fire/Tmut/Pois 35%        N/A       1%          3
 Mephitic Cloud           Conj/Pois/Air  36%        N/A       1%          3
 Spider Form              Tmut/Pois      45%        N/A       1%          3
 Flame Wave               Conj/Fire      46%        2d12      1%          4
 Fulminant Prism          Conj/Hex       23%        3d12      1%          4
 Iskenderun's Mystic Bla  Conj/Tloc      46%        2d10      1%          4
 Sticky Flame             Conj/Fire      46%        2d6       1%          4
 Blade Hands              Tmut           32%        N/A       1%          5
 Iskenderun's Battlesphe  Conj           68%        2d12      1%          5
 Ice Form                 Ice/Tmut       45%        N/A       2%          4
 Apportation              Tloc           30%        N/A       4%          1
 Freeze                   Ice            60%        1d7       4%          1
 Necrotise                Necr           60%        1d7       4%          1
 Slow                     Hex            60%        N/A       4%          1
 Call Imp                 Summ           38%        N/A       4%          2
 Arcjolt                  Conj/Air       23%        1d33      5%          5
 Cigotuvi's Dreadful Rot  Necr/Pois/Air  30%        N/A       6%          2
 Ensorcelled Hibernation  Hex/Ice        30%        N/A       6%          2
 Lesser Beckoning         Tloc           30%        N/A       6%          2
 Scorch                   Fire           30%        2d6       6%          2
 Sublimation of Blood     Necr           15%        N/A       6%          2
 Yara's Violent Unravell  Hex/Tmut       22%        3d10      6%          5
 Orb of Destruction       Conj           34%        9d10      8%          7
 Call Canine Familiar     Summ           19%        N/A       9%          3
 Summon Guardian Golem    Hex/Summ       17%        N/A       10%         3
 Dragon Form              Tmut           32%        N/A       11%         7
 Confusing Touch          Hex            15%        N/A       12%         3
 Frozen Ramparts          Ice            30%        1d5       12%         3
 Gell's Gravitas          Tloc           15%        N/A       12%         3
 Inner Flame              Hex/Fire       15%        N/A       12%         3
 Portal Projectile        Hex/Tloc       30%        N/A       12%         3
 Swiftness                Air            15%        N/A       12%         3
 Teleport Other           Tloc           15%        N/A       12%         3
 Tukima's Dance           Hex            15%        N/A       12%         3
 Vampiric Draining        Necr           15%        2d7       12%         3
 Vhi's Electric Charge    Tloc/Air       30%        N/A       12%         3
 Volatile Blastmotes      Fire/Tloc      30%        2d12      12%         3
 Freezing Cloud           Conj/Ice/Air   18%        6-21      14%         5
 Starburst                Conj/Fire      23%        6d8       28%         6
 Eringya's Noxious Bog    Tmut/Pois      22%        N/A       34%         6
 Airstrike                Air            7%         2d(2-18)  38%         4
 Anguish                  Hex/Necr       7%         N/A       38%         4
 Cause Fear               Hex            7%         N/A       38%         4
 Dispel Undead            Necr           15%        3d10      38%         4
 Olgreb's Toxic Radiance  Pois           15%        N/A       38%         4
 Summon Forest            Summ/Tloc      8%         N/A       67%         5
 Summon Mana Viper        Hex/Summ       17%        N/A       67%         5
 Agony                    Necr           15%        N/A       75%         5
 Metabolic Englaciation   Hex/Ice        7%         N/A       75%         5
 Silence                  Hex/Air        7%         N/A       75%         5
 Spellforged Servitor     Conj/Summ      24%        N/A       78%         7
 Storm Form               Tmut/Air       22%        N/A       88%         7
 Death Channel            Necr           7%         N/A       99%         6
 Dispersal                Tloc           7%         N/A       99%         6
 Plasma Beam              Fire/Air       7%         2x1d18    99%         6
 Simulacrum               Ice/Necr       7%         N/A       99%         6
 Summon Cactus Giant      Summ           9%         N/A       99%         6
 Enfeeble                 Hex            7%         N/A       100%        7
 Haunt                    Necr/Summ      8%         N/A       100%        7
 Malign Gateway           Summ/Tloc      8%         N/A       100%        7
 Ozocubu's Refrigeration  Ice            7%         4d9       100%        7
 Summon Hydra             Summ           9%         N/A       100%        7
 Borgnjor's Revivificati  Necr           7%         N/A       100%        8
 Discord                  Hex            7%         N/A       100%        8
 Ignition                 Fire           7%         3d5       100%        8
 Infestation              Necr           7%         N/A       100%        8
 Maxwell's Capacitive Co  Air            7%         ∞         100%        8
 Necromutation            Tmut/Necr      22%        N/A       100%        8
 Summon Horrible Things   Summ           9%         N/A       100%        8
 Death's Door             Necr           7%         N/A       100%        9
 Fire Storm               Conj/Fire      23%        8d6       100%        9
 Polar Vortex             Ice            7%         N/A       100%        9


Dungeon Overview and Level Annotations

Branches:
Dungeon (15/15)            Temple (1/1) D:6            Lair (5/5) D:9
  Swamp (4/4) Lair:3        Snake (4/4) Lair:2        Slime (5/5) Lair:4
    Orc (2/2) D:11            Elf (3/3) Orc:2        Vaults (5/5) D:14
  Crypt (3/3) Vaults:2       Tomb (0/3) Crypt:3      Depths (4/4) D:15
   Hell (visited)             Dis (0/7) Hell            Geh (0/7) Hell
    Coc (0/7) Hell            Tar (0/7) Hell            Zot (5/5) Depths:4
Ossuary (visited)           IceCv (visited)         Desolation (visited)
Gauntlet (visited)

Altars:
Ashenzari
Cheibriados
Dithmenos
Elyvilon
Fedhas
Gozag
Hepliaklqana
Kikubaaqudgha
Makhleb
Nemelex Xobeh
Okawaru
Qazlal
Ru
Sif Muna
Trog
Uskayaw
Vehumet
Wu Jian
Xom
Yredelemnul
Zin
The Shining One
Jiyva

Shops:
D:1 :   D:5 :   D:6 (=[[   D:10 **:   D:14 [?   Orc:2 :(?[   Elf:1 =
Snake:1 ==   Snake:3 :   Vaults:2 =[   Vaults:5 =   Depths:4 ?

Portals:
Hell: Depths:1 Depths:2 Depths:3 Depths:4
Abyss: Depths:3
Pandemonium: Depths:2

Annotations:
D:3 exclusion: jelly
D:7 exclusion: ice statue
D:14 Agnes
Elf:1 3 runed translucent doors


Innate Abilities, Weirdness & Mutations

You are a filthy swine.
You move quickly.
Your equipment is almost entirely melded.
You are incapable of wielding weapons or throwing items.
You cannot cast spells.
Your life essence is reduced to manifest your ancestor. (-10% HP)
You cannot wear most types of armour.
((You are amphibious.))
((You can wear up to eight rings at the same time.))
((Your skin changes colour to match your surroundings (Stealth+).))
((Your rubbery body absorbs attacks. (AC +1, EV +1)))
((You are camouflaged when in or above water. (Stealth+)))
((You have tentacles for arms and can constrict up to eight enemies at once.))
((You have very sharp teeth.))
((You are partially covered in iridescent scales. (AC +2)))
((Your flesh is cold resistant. (rC+)))
Your body sometimes deteriorates upon taking damage.
You are dopey. (Int -2)
((You are covered in fur. (AC +1)))
You are weak. (Str -2)
You have hidden genetic potential.


Message History

Unknown command.
Unknown command.
Unknown command.
The deep troll changes into a sea snake!
You can't do that in your present form.
Okay, then.
Unknown command.
You can't do that in your present form.
Unknown command.
Aiming: Phantom Mirror
Press: ? - help, Dir - move target, f - Zungepn
Aim: Zungepn (moderately wounded, misshapen and mutated)
You reflect Zungepn with the mirror!
The mirror clouds!
Zungepn gestures at Zungepn.
The bolt of lightning hits Zungepn!!
Zungepn gestures at you. The bolt of lightning hits you!!
* * * LOW HITPOINT WARNING * * *
The Killer Klown kneecaps you with a +12 club of freezing!!
Your necklace shatters, unleashing a wave of protective dreams!
You dream of life, friendship, and clouds.
The Killer Klown freezes you.
The Killer Klown defenestrates you with a +10 club!!
The tyrant leech barely misses your chaos spawn.
Zungepn gestures.
Zungepn blinks!
Okay, then.
Okay, then.
Unknown command.
Unknown command.
Unknown command.
Okay, then.
Okay, then.
Unknown command.
Okay, then.
You feel much better.
Zungepn gestures.
Zungepn blinks!
The Killer Klown closely misses you.
The Killer Klown headlocks you with a +10 club!!
You die...

▓▓▓▓▓▓▓▓▓▓▓
▓▓.........▓▓
▓▓...........▓▓
▓.§...........▓▓
?.....§p§p.....▓▓
))...§§h4§......▓▓
[:&..§&Gpw.......▓▓
[).....p§§S.....∩.▓
|).....G†........▓▓
:...............▓▓
....&..........▓▓
▓.............▓▓
▓▓...........▓▓
▓▓.........▓▓


You could see Fainnoycogg, Zungepn (misshapen), 3 Killer Klowns, a tyrant leech
shaped shifter, a shining eye (summoned, misshapen), a floating eye (summoned,
ally target), a friendly Killer Klown (summoned) and a friendly chaos spawn
(summoned).

Vanquished Creatures
  the Royal Jelly (Slime:5)
  Tiamat (Zot:3)
  7 dread liches
  7 orbs of fire (Zot:5)
  Mara (Depths:1)
  6 ancient liches
  Mennas (Depths:3)
  Sojobo (Crypt:3)
  the Lernaean hydra (Swamp:4)
  Bai Suzhen (Vaults:2)
  Saint Roka (Crypt:3)
  2 pandemonium lords (Zig:12)
  6 Killer Klowns
  Margery (Crypt:3)
  Geryon (Hell)
  7 golden dragons
  2 bone dragons
  2 profane servitors (Abyss:5)
  Jory (Crypt:3)
  An electric golem (Zot:5)
  A shard shrike zombie (Crypt:2)
  Rupert (D:15)
  A hellephant (Zig:10)
  A Brimstone Fiend (Zig:10)
  An Ice Fiend (Zig:12)
  A walking crystal tome (Abyss:5)
  A tainted leviathan (Hell)
  3 liches
  2 walking earthen tomes (Depths:2)
  A Hell Sentinel (Abyss:5)
  13 tentacled monstrosities
  20 Orb Guardians (Zot:5)
  The ghost of Titucsi the Tortoise, an adept GrFi of Makhleb (Crypt:2)
  2 deep elf master archers (Elf:3)
  4 deep elf blademasters
  4 searing wretches (Zig:10)
  7 titans
  4 quicksilver dragons
  5 tentacled starspawn
  A walking divine tome (Depths:4)
  An Executioner (Abyss:5)
  23 acid blobs
  3 ancient champions
  7 sphinxes
  A thorn hunter (Swamp:4)
  9 tengu reavers
  11 shadow dragons
  Donald (Vaults:3)
  13 storm dragons
  9 death cobs
  6 azure jellies
  Kirke (Lair:3)
  2 draconian monks
  11 rockslimes
  3 revenants
  4 draconian knights
  2 fenstrider witches (Swamp:3)
  12 fire giants
  5 nagarajas
  2 deep elf sorcerers (Elf:3)
  A ghost moth (Zot:5)
  16 vault wardens
  2 iron dragons
  2 draconian scorchers
  10 frost giants
  2 draconian shifters
  4 imperial myrmidons (Desolation)
  3 balrugs (Zig:10)
  Louise (Swamp:1)
  A cacodemon (Hell)
  A caustic shrike zombie (Abyss:5)
  2 juggernaut zombies (Crypt:3)
  2 deep elf elementalists (Elf:3)
  13 ironbound preservers
  An angel (Depths:1)
  14 stone giants
  2 spriggan defenders
  3 curse skulls
  7 reapers
  9 quicksilver oozes
  3 formless jellyfish
  4 draconian stormcallers
  8 ghouls
  4 draconian annihilators
  12 ironbound thunderhulks
  2 juggernaut skeletons (Crypt:3)
  26 very ugly things
  An orc warlord (Vaults:4)
  7 war gargoyles
  5 green draconians
  17 vampire knights
  10 black draconians
  4 eleionomae
  2 deep elf demonologists
  8 yellow draconians
  A demonspawn black sun (Zig:6)
  A minotaur (Gauntlet)
  A wendigo (Hell)
  7 white draconians
  Azrael (Elf:2)
  4 putrid mouths (Hell)
  6 dire elephants
  5 spark wasps
  9 deep elf annihilators
  A bunyip (shapeshifter) (Vaults:5)
  4 bunyips
  2 purple draconians
  9 red draconians
  A merfolk javelineer (Depths:3)
  9 ettins
  2 crystal guardians
  4 eidola
  12 jiangshi
  8 deep elf death magi
  Josephine (D:14)
  A shambling mangrove (Swamp:2)
  2 ragged hierophants (Desolation)
  9 ice dragons
  3 great orbs of eyes
  4 fire dragons
  An entropy weaver (shapeshifter) (D:15)
  5 deep elf high priests
  2 entropy weavers
  27 vault guards
  A ghost crab (Swamp:3)
  A salamander tyrant (Zig:8)
  21 hydras
  5 rakshasas
  A quicksilver dragon skeleton (Abyss:5)
  6 yaktaur captains
  3 peacekeepers
  2 servants of whispers (Desolation)
  2 hell beasts
  7 anacondas
  An ogre mage (Vaults:5)
  An elf skeleton (Crypt:3)
  2 boulder beetles
  A catoblepas (Lair:2)
  2 stokers (Zig:10)
  11 ironbound frosthearts
  Erica (D:8)
  5 tengu warriors
  16 centaur warriors
  13 deep troll earth magi
  8 deep troll shamans
  6 alligators
  5 naga warriors
  30 dancing weapons
  3 death knights (Crypt:2)
  5 death yaks (Lair:5)
  4 two-headed ogres
  3 hell hogs
  10 shock serpents
  6 vampire magi
  9 naga sharpshooters
  4 thrashing horrors (Abyss:5)
  A spriggan berserker (Depths:3)
  6 sun demons
  13 hell knights
  An orc high priest (Orc:2)
  8 spriggans
  A storm dragon zombie (Crypt:3)
  6 wretched stars (Abyss:5)
  2 skysharks (Lair:3)
  16 deep elf knights
  8 iron trolls
  3 shadow wraiths
  12 soul eaters
  A sixfirhy (Abyss:5)
  16 skeletal warriors
  4 goliath frogs
  5 flayed ghosts
  2 salamander mystics
  3 sea snakes (Snake:4)
  49 deep trolls
  An orb spider (shapeshifter) (D:15)
  6 bog bodies
  A sea snake (shapeshifter) (Vaults:5)
  3 naga ritualists
  3 spriggan druids
  7 swamp dragons
  A quicksilver dragon simulacrum (Hell)
  5 glowing orange brains
  5 wizards
  An orange crystal statue (Zig:8)
  2 obsidian statues (Zig:8)
  7 deep elf archers
  4 harpies (Vaults:1)
  Pikel (D:5)
  6 necromancers
  19 ironbound convokers
  9 lindwurms
  5 phantasmal warriors
  2 wolf spider zombies (Crypt:1)
  21 deep elf zephyrmancers
  A goliath frog zombie (Crypt:1)
  22 deep elf pyromancers
  6 orc knights
  5 mana vipers
  A bunyip skeleton (Crypt:1)
  28 ugly things
  8 shining eyes
  A salamander (shapeshifter) (D:14)
  A wolf spider (D:15)
  12 salamanders
  7 orc sorcerers
  5 will-o-the-wisps
  2 cyclopes
  An elephant (Lair:5)
  A stone giant skeleton (Hell)
  20 moths of wrath
  2 oklob plants (Lair:4)
  6 manticores
  2 worldbinders (Abyss:5)
  12 guardian serpents
  5 centaur zombies (Crypt:1)
  Maurice (Orc:2)
  An apocalypse crab (Zig:12)
  11 fire giant skeletons
  38 black mambas
  4 eyes of devastation
  2 ice statues
  15 naga magi
  22 vault sentinels
  13 rust devils
  8 gargoyles
  A dire elephant skeleton (Crypt:3)
  A hellion (Hell)
  13 cane toads
  4 molten gargoyles
  10 smoke demons
  An orange demon (Depths:2)
  6 centaur skeletons
  2 naga skeletons
  2 spriggan zombies
  A torpor snail (Lair:5)
  A black draconian zombie (Crypt:2)
  5 rime drakes
  2 minotaur zombies (Gauntlet)
  11 freezing wraiths
  2 efreet (D:14)
  20 yaktaurs
  11 komodo dragons
  2 tormentors (Zig:10)
  2 kobold demonologists (D:13)
  2 tengu conjurers (Depths:3)
  An anaconda simulacrum (Lair:2)
  A red draconian skeleton (Crypt:1)
  A black draconian skeleton (Crypt:1)
  3 ancient zymes (Abyss:5)
  5 harpy zombies
  A troll (shapeshifter) (D:15)
  A hellwing (Abyss:5)
  A queen bee (Gauntlet)
  12 polar bears (Lair:5)
  5 trolls
  A harpy skeleton (Crypt:3)
  5 hornets
  Prince Ribbit (D:9)
  14 blink frogs
  2 meliai zombies (Crypt:1)
  A snapping turtle (D:10)
  11 tyrant leeches
  23 saltlings (Desolation)
  7 raiju
  2 dream sheep (Lair:5)
  9 flying skulls
  63 slime creatures
  4 fire dragon skeletons (Crypt:3)
  A culicivora (Vaults:1)
  5 shadows
  16 wraiths
  2 ynoxinuls (Abyss:5)
  An air elemental (Elf:1)
  9 vampires
  52 yaks
  2 spriggan skeletons
  2 water elementals
  11 large abominations
  2 dire elephant simulacra (IceCv)
  6 wyverns
  2 alligator snapping turtle simulacra (Hell)
  13 vampire mosquitoes
  A basilisk (Lair:2)
  4 fire elementals
  2 neqoxecs
  5 golden eyes (Slime:5)
  6 chaos spawn
  10 steam dragons
  2 redbacks (Gauntlet)
  12 swamp worms
  9 wargs
  2 death yak simulacra
  An acid dragon (Lair:3)
  25 nagas
  A water nymph zombie (Crypt:1)
  5 small abominations (Abyss:5)
  10 water moccasins
  A swamp worm (shapeshifter) (Abyss:5)
  18 hell hounds
  A deep troll skeleton (Crypt:1)
  4 hydra simulacra
  9 swamp drakes
  2 floating eyes
  22 orc warriors
  2 sky beasts
  8 black bears
  An ice beast (D:6)
  5 ogres
  22 wolves
  A black mamba simulacrum (Lair:2)
  2 boggarts
  13 centaurs
  A centaur (shapeshifter) (Vaults:5)
  5 kobold brigands
  6 bullfrogs
  4 earth elementals
  2 necrophages
  2 two-headed ogre simulacra (IceCv)
  5 scorpions
  2 cane toad simulacra
  A yaktaur skeleton (Crypt:1)
  4 wights
  A wyvern skeleton (Crypt:1)
  A polar bear zombie (Crypt:2)
  9 killer bees
  A swamp dragon simulacrum (Hell)
  4 elephant simulacra (IceCv)
  5 howler monkeys
  A jelly (D:8)
  2 hounds
  17 orc priests
  31 starcursed masses
  5 hexers
  2 iguanas
  20 orc wizards
  A polar bear simulacrum (IceCv)
  9 troll simulacra (IceCv)
  6 spriggan simulacra
  A wolf simulacrum (IceCv)
  8 mummies (Ossuary)
  8 gnolls
  7 adders
  4 naga simulacra
  A shadow imp (D:8)
  8 white imps (IceCv)
  2 ufetubi
  A worm (D:3)
  4 dart slugs
  50 orcs
  A ball python (D:1)
  6 endoplasms
  A giant cockroach (D:1)
  6 goblins
  5 hobgoblins
  4 jackals (D:4)
  11 kobolds
  2 quokkas
  3 bats (D:1)
  2 frilled lizards
  A gnoll zombie (Ossuary)
  2 hobgoblin zombies (Ossuary)
  2 kobold zombies (Ossuary)
  3 orc zombies (Ossuary)
  4 rats
  A lurking horror (Abyss:5)
  A starspawn tentacle (Abyss:5)
2225 creatures vanquished.

Vanquished Creatures (collateral kills)
  4 dread liches
  2 ancient liches
  An orb of fire (Zot:5)
  2 Killer Klowns (Zot:5)
  Vashnia (Snake:4)
  A golden dragon (Vaults:5)
  The ghost of NigelTetley the Metallomancer, an adept GrEE of Ashenzari (Vaults:1)
  6 tentacled monstrosities
  An electric golem (Zot:5)
  4 Orb Guardians (Zot:5)
  A death cob (Zot:4)
  2 liches
  2 quicksilver dragons
  A deep elf blademaster (Elf:3)
  A sphinx (Vaults:1)
  A tengu reaver (Vaults:5)
  2 shadow dragons
  7 nagarajas
  Roxanne (Elf:2)
  4 storm dragons
  A draconian monk (Zot:5)
  An azure jelly (Slime:2)
  2 fire giants
  Aizul (Elf:2)
  2 deep elf sorcerers (Elf:3)
  2 ironbound preservers (Vaults:1)
  3 draconian scorchers
  2 vault wardens
  A reaper (Hell)
  An iron dragon (Hell)
  A draconian shifter (Zot:3)
  3 draconian annihilators
  A ghoul (Crypt:1)
  2 angels (Vaults:4)
  An ironbound thunderhulk (Vaults:1)
  A formless jellyfish (Slime:3)
  3 very ugly things
  4 stone giants
  2 quicksilver oozes (Slime:2)
  5 deep elf demonologists
  A spark wasp (Depths:4)
  A black draconian (Zot:2)
  4 deep elf annihilators
  2 dire elephants
  3 yellow draconians
  A purple draconian (Depths:4)
  A lorocyproca (Abyss:5)
  An eidolon (Crypt:2)
  2 ettins
  A blizzard demon (Hell)
  2 jiangshi
  A deep elf high priest (Elf:1)
  2 ragged hierophants (Desolation)
  2 fire dragons
  2 yaktaur captains
  3 hydras
  2 ice dragons
  2 great orbs of eyes
  4 vault guards
  2 peacekeepers (Desolation)
  An ogre mage (D:14)
  A quicksilver dragon skeleton (Abyss:5)
  2 ironbound frosthearts (Vaults:4)
  A hell beast (Depths:1)
  5 servants of whispers (Desolation)
  A boulder beetle (D:14)
  A centaur warrior (D:14)
  3 dancing weapons
  A death knight (D:14)
  3 alligators
  3 anacondas (Snake:4)
  2 two-headed ogres
  4 death yaks
  3 naga warriors
  A deep troll earth mage (Depths:3)
  A deep troll shaman (Depths:3)
  3 naga sharpshooters
  A storm dragon zombie (Hell)
  A soul eater (Hell)
  A spriggan berserker (Depths:2)
  6 deep elf knights
  2 sun demons (Hell)
  2 wretched stars (Abyss:5)
  3 skeletal warriors (Crypt:3)
  A sixfirhy (Hell)
  A golden dragon zombie (Depths:3)
  A goliath frog (Swamp:3)
  A spriggan druid (Swamp:4)
  10 deep trolls
  2 swamp dragons
  A bog body (Swamp:4)
  An iron troll (Depths:4)
  3 deep elf archers
  3 ironbound convokers
  2 wizards (D:14)
  2 fenstrider witch simulacra (Hell)
  8 deep elf pyromancers
  A necromancer (Depths:3)
  2 lindwurms
  6 deep elf zephyrmancers
  An orc knight (Elf:1)
  2 phantasmal warriors
  2 will-o-the-wisps
  3 cyclopes
  4 salamanders
  3 mana vipers (Snake:4)
  2 manticores
  A shining eye (Slime:2)
  3 centaur zombies (Crypt:1)
  3 moths of wrath
  4 ugly things
  An elephant (Lair:5)
  2 naga magi (Snake:3)
  4 black mambas
  A fire giant skeleton (Crypt:3)
  2 torpor snails
  2 vault sentinels
  3 molten gargoyles
  4 guardian serpents
  A titan simulacrum (Hell)
  A smoke demon (Hell)
  A gargoyle (D:12)
  A centaur skeleton (Crypt:1)
  2 unseen horrors (D:12)
  A komodo dragon (Lair:1)
  5 rime drakes
  3 yaktaurs
  A swamp worm zombie (Crypt:1)
  3 tengu conjurers
  The ghost of caveywoolpert the Digger, a novice GrEE (D:6)
  A freezing wraith (Crypt:2)
  An anaconda simulacrum (IceCv)
  A tyrant leech (Swamp:4)
  An ancient zyme (Abyss:5)
  3 trolls
  19 saltlings (Desolation)
  A hydra skeleton (Crypt:1)
  3 hornets
  A tarantella (Vaults:1)
  A snapping turtle (D:10)
  6 blink frogs
  5 raiju (Abyss:5)
  A flying skull (Crypt:2)
  12 slime creatures
  A dire elephant simulacrum (IceCv)
  3 spriggans
  A fire dragon skeleton (Crypt:3)
  21 yaks
  5 wraiths
  2 shadows (D:13)
  5 water elementals
  A wyvern (Lair:2)
  A golden eye (Slime:5)
  A death yak simulacrum (IceCv)
  A basilisk (Lair:5)
  2 hogs (Lair:3)
  3 fire elementals (Elf:2)
  2 steam dragons
  3 vampire mosquitoes
  3 wargs (Lair:5)
  2 acid dragons (D:12)
  3 large abominations (Abyss:5)
  A merfolk zombie (Crypt:2)
  3 nagas
  A hydra simulacrum (IceCv)
  5 water moccasins
  3 swamp worms
  3 hell hounds (Lair:5)
  A glowing shapeshifter skeleton (Depths:3)
  2 floating eyes
  4 swamp drakes
  6 orc warriors
  5 black bears (Lair:5)
  2 small abominations (Abyss:5)
  9 wolves
  An ogre (Orc:1)
  A boggart (D:14)
  4 centaurs
  A gnoll sergeant (D:7)
  2 bullfrogs
  A demonspawn simulacrum (Hell)
  A necrophage (Crypt:1)
  A wight (D:8)
  An elephant simulacrum (IceCv)
  A yak skeleton (Crypt:2)
  A killer bee (D:10)
  2 orc priests
  A jelly (D:5)
  A sleepcap (D:7)
  A basilisk skeleton (Crypt:2)
  10 orc wizards
  A troll simulacrum (IceCv)
  A polar bear simulacrum (IceCv)
  3 spriggan simulacra
  A deep dwarf zombie (Crypt:2)
  3 gnolls (D:7)
  A naga simulacrum (IceCv)
  An ufetubus (IceCv)
  14 orcs
  A ball python skeleton (Crypt:2)
  4 kobolds (D:9)
508 creatures vanquished.

Vanquished Creatures (others)
  A vampire mage (Vaults:2)
  A sixfirhy (Abyss:5)
  A deep elf knight (Elf:2)
  A sea snake (Snake:4)
  A wizard (D:14)
  A deep elf pyromancer (Elf:2)
  A deep elf zephyrmancer (Elf:3)
  A black mamba (Zig:8)
  A naga mage (Snake:4)
  An orange demon (Hell)
  2 bloated husks
  A shadow dragon simulacrum (Hell)
  4 golden eyes
  2 humans (Lair:3)
  A steam dragon (Lair:3)
  A chaos spawn (Zig:12)
  96 hexers
  An orc (Elf:1)
  35 foxfires
  2 lurking horrors (Abyss:5)
  17 starspawn tentacles (Abyss:5)
172 creatures vanquished.

Grand Total: 2905 creatures vanquished

Notes
Turn   | Place    | Note
-------+----------+-------------------------------------------
     0 | D:1      | Anon1729 the Octopode Monk began the quest for the Orb.
     0 | D:1      | Reached XP level 1. HP: 16/16 MP: 1/1
   138 | D:1      | Found Laeraj's Book Boutique.
   180 | D:1      | Reached XP level 2. HP: 21/21 MP: 2/2
   957 | D:2      | Reached XP level 3. HP: 26/26 MP: 3/3
  1506 | D:3      | Identified the +1 robe of the Growing Gods {Int+5}
  1717 | D:3      | Reached XP level 4. HP: 21/33 MP: 4/4
  1767 | D:3      | Learned a level 1 spell: Summon Small Mammal
  1852 | D:3      | Found a sparkling altar of Nemelex Xobeh.
  2289 | D:4      | Identified the ring "Lucasur" {rC- rN++ MP+9 EV+5 Str+3}
  2498 | D:4      | Reached XP level 5. HP: 37/37 MP: 5/5
  2626 | D:5      | Entered Level 5 of the Dungeon
  2690 | D:5      | Noticed a sky beast
  2885 | D:5      | Found Tokkuden's Book Boutique.
  3030 | D:5      | Noticed an ogre
  3104 | D:5      | Noticed a black bear
  3122 | D:5      | Noticed a lemure
  3122 | D:5      | Noticed a lemure
  3123 | D:5      | Noticed Pikel
  3133 | D:5      | Reached skill level 1 in Earth Magic
  3133 | D:5      | Reached XP level 6. HP: 40/44 MP: 6/6
  3141 | D:5      | Killed Pikel
  3142 | D:5      | Reached skill level 5 in Fighting
  3142 | D:5      | Reached skill level 5 in Dodging
  3142 | D:5      | Reached skill level 5 in Unarmed Combat
  3142 | D:5      | Reached XP level 7. HP: 34/50 MP: 7/7
  3183 | D:5      | Found a sand-covered staircase.
  3203 | Ossuary  | Entered an ossuary
  3365 | Ossuary  | Reached XP level 8. HP: 49/56 MP: 8/8
  3727 | D:5      | Found a basalt altar of Yredelemnul.
  4402 | D:6      | Reached skill level 1 in Spellcasting
  4419 | D:6      | Found Afolucoetu's Antique Armour Boutique.
  4483 | D:6      | Found Diatsolorr's Armour Shoppe.
  4507 | D:6      | Noticed a troll
  4538 | D:6      | Reached skill level 1 in Stealth
  4543 | D:6      | Killed a troll
  4544 | D:6      | Reached skill level 2 in Stealth
  4544 | D:6      | Reached skill level 1 in Summonings
  4544 | D:6      | Reached skill level 1 in Transmutations
  4544 | D:6      | Reached XP level 9. HP: 63/63 MP: 11/11
  4569 | D:6      | Reached skill level 3 in Stealth
  4662 | D:6      | Found a large runed translucent door.
  4663 | D:6      | Found a large runed translucent door.
  4664 | D:6      | Noticed caveywoolpert's ghost (novice GrEE)
  4672 | D:6      | Found Jeckepp's Antique Weapon Emporium.
  4800 | D:6      | Found Geocliy's Jewellery Boutique.
  4988 | D:6      | Found a glowing golden altar of the Shining One.
  5047 | D:6      | Noticed an angel
  5200 | D:6      | Reached skill level 4 in Stealth
  5224 | D:6      | Found a staircase to the Ecumenical Temple.
  5245 | D:6      | Noticed a rust devil
  5726 | Temple   | Entered the Ecumenical Temple
  6022 | Temple   | Became a worshipper of Hepliaklqana the Forgotten
  6022 | Temple   | Reached * piety under Hepliaklqana
  6022 | Temple   | Reached ** piety under Hepliaklqana
  6023 | Temple   | Remembered your ancestor Cuahtemoc as a hexer
  6214 | D:6      | Killed a rust devil
  6363 | D:5      | Bought a book of Geomancy for 234 gold pieces
  6366 | D:5      | Learned a level 2 spell: Passwall
  6368 | D:5      | Learned a level 1 spell: Sandblast
  6372 | D:5      | Learned a level 3 spell: Stone Arrow
  6492 | D:5      | Reached skill level 5 in Stealth
  6771 | D:7      | Reached skill level 5 in Earth Magic
  6881 | D:7      | Reached skill level 6 in Stealth
  6890 | D:7      | Noticed an ice statue
  7168 | D:8      | Reached XP level 10. HP: 49/63 MP: 14/14
  7318 | D:8      | Noticed Erica
  7328 | D:8      | Killed Erica
  7329 | D:8      | Reached skill level 7 in Stealth
  7706 | D:8      | Noticed a two-headed ogre
  7793 | D:8      | Killed a two-headed ogre
  7935 | D:8      | Reached skill level 8 in Stealth
  8440 | D:9      | Noticed Prince Ribbit
  8544 | D:9      | Killed Prince Ribbit
  8588 | D:9      | Reached XP level 11. HP: 64/68 MP: 17/17
  8682 | D:9      | Reached skill level 9 in Stealth
  8800 | D:9      | Reached *** piety under Hepliaklqana
  8978 | D:9      | Found a staircase to the Lair.
  9160 | D:10     | Entered Level 10 of the Dungeon
  9160 | D:10     | Noticed a two-headed ogre
  9165 | D:10     | Killed a two-headed ogre
  9233 | D:10     | Found Serr's Book Shop.
  9993 | D:10     | Reached skill level 10 in Stealth
 10510 | D:10     | Reached skill level 5 in Transmutations
 10573 | D:10     | Found Afumo's General Store.
 10577 | D:10     | Found Lesiff's Specific Store.
 10584 | D:10     | Bought a potion of haste for 130 gold pieces
 10588 | D:10     | Noticed a manticore
 10598 | D:10     | Killed a manticore
 10736 | D:10     | Found an opulent altar of Gozag.
 10768 | D:10     | Found an ornate altar of the Wu Jian Council.
 11132 | D:10     | Reached skill level 11 in Stealth
 11132 | D:10     | Reached skill level 5 in Spellcasting
 11408 | D:11     | Noticed a two-headed ogre
 11418 | D:11     | Killed a two-headed ogre
 11419 | D:11     | Reached XP level 12. HP: 62/75 MP: 19/19
 11498 | D:11     | You are sucked into a shaft and drop 2 floors!
 11599 | D:13     | Noticed a centaur warrior
 11838 | D:13     | Noticed a soul eater
 12126 | D:13     | Reached skill level 12 in Stealth
 12463 | D:13     | Killed a centaur warrior
 12518 | D:14     | Reached **** piety under Hepliaklqana
 12593 | D:14     | Found a gate to the Vaults.
 12690 | D:14     | Noticed a centaur warrior
 12711 | D:14     | Killed a centaur warrior
 12739 | D:14     | Found Cehoicki's Armour Shop.
 12815 | D:14     | Noticed a centaur warrior
 12820 | D:14     | Killed a centaur warrior
 12836 | D:14     | Noticed a boulder beetle
 12860 | D:14     | Killed a boulder beetle
 12967 | D:14     | Noticed a death knight
 13040 | D:14     | Killed a death knight
 13120 | D:14     | Noticed an ogre mage
 13189 | D:14     | Killed an ogre mage
 13264 | D:14     | Noticed a centaur warrior
 13276 | D:14     | Reached skill level 13 in Stealth
 13300 | D:14     | Killed a centaur warrior
 13420 | D:14     | Noticed a centaur warrior
 13433 | D:14     | Killed a centaur warrior
 13434 | D:14     | Reached XP level 13. HP: 43/81 MP: 22/22
 13493 | D:14     | Noticed Agnes
 13573 | D:14     | Found Zaloeq's Magic Scroll Boutique.
 13579 | D:14     | Bought a scroll of fear for 52 gold pieces
 13579 | D:14     | Bought a scroll of teleportation for 39 gold pieces
 13579 | D:14     | Bought a scroll of identify for 26 gold pieces
 13579 | D:14     | Bought a scroll of identify for 26 gold pieces
 13579 | D:14     | Bought a scroll of identify for 26 gold pieces
 14454 | D:12     | Reached skill level 14 in Stealth
 14854 | D:12     | Learned a level 6 spell: Leda's Unmaking
 14971 | D:11     | Found a staircase to the Orcish Mines.
 15569 | Lair:1   | Entered Level 1 of the Lair of Beasts
 15612 | Lair:1   | Reached ***** piety under Hepliaklqana
 15635 | Lair:1   | Reached skill level 1 in Conjurations
 16076 | Lair:1   | Reached skill level 1 in Evocations
 16090 | Lair:1   | Reached skill level 1 in Invocations
 16248 | Lair:1   | Reached skill level 1 in Throwing
 16732 | Lair:2   | Identified the +2 ring mail "Munt" {+Blink rElec rPois
                  | Will+}
 16744 | Lair:2   | Reached skill level 10 in Dodging
 16838 | Lair:2   | Found a transporter.
 16838 | Lair:2   | Found the +2 shield of Resistance {rF++ rC++ Will++}
 16840 | Lair:2   | Found the +2 cloak of the Thief {*Fog Slay-2 SInv Stlth+}
 16915 | Lair:2   | Reached XP level 14. HP: 88/88 MP: 24/24
 16946 | Lair:2   | Found a staircase to the Snake Pit.
 17026 | Lair:2   | Reached skill level 10 in Unarmed Combat
 17124 | Lair:2   | Reached skill level 10 in Fighting
 17401 | Lair:2   | Found a transporter.
 17857 | Lair:2   | Reached skill level 1 in Shields
 18076 | Lair:3   | Found a frozen archway.
 18087 | IceCv    | Entered an ice cave
 19996 | IceCv    | Found the +8 Wrath of Trog {antimagic, *Rage Rampage}
 20352 | Lair:3   | Noticed Kirke
 20370 | Lair:3   | Killed Kirke
 21077 | Lair:3   | Found a staircase to the Swamp.
 21956 | Lair:4   | Reached skill level 15 in Stealth
 22518 | Lair:4   | Found a staircase to the Slime Pits.
 22519 | Lair:4   | You fall into a shaft and drop 1 floor!
 22519 | Lair:5   | Entered Level 5 of the Lair of Beasts
 22659 | Lair:5   | Reached skill level 5 in Conjurations
 22726 | Lair:5   | Reached XP level 15. HP: 94/94 MP: 13/26
 23796 | Lair:4   | Found a viscous altar of Jiyva.
 23910 | Lair:4   | Reached ****** piety under Hepliaklqana
 24386 | Lair:4   | Reached skill level 10 in Earth Magic
 25034 | D:6      | Bought the ring of Puromujicuin {EV+5 Int+6 Slay+3 Stlth-}
                  | for 868 gold pieces
 25191 | Orc:1    | Entered Level 1 of the Orcish Mines
 25405 | Orc:2    | Entered Level 2 of the Orcish Mines
 25405 | Orc:2    | Found a staircase to the Elven Halls.
 26506 | Orc:2    | Found Sunnagops's Book Shop.
 26506 | Orc:2    | Found Lebbu's Magic Scroll Boutique.
 26507 | Orc:2    | Found Pitunw Ucvu's Armour Boutique.
 26511 | Orc:2    | Found Utesmirr's Weapon Shop.
 26517 | Orc:2    | Bought a scroll of identify for 30 gold pieces
 26517 | Orc:2    | Bought a scroll of identify for 30 gold pieces
 26517 | Orc:2    | Bought a scroll of identify for 30 gold pieces
 26517 | Orc:2    | Bought a scroll of identify for 30 gold pieces
 26517 | Orc:2    | Bought a scroll of immolation for 60 gold pieces
 26522 | Orc:2    | Bought a scroll of teleportation for 45 gold pieces
 26742 | Orc:2    | Noticed Maurice
 26748 | Orc:2    | Killed Maurice
 29261 | Lair:5   | Reached XP level 16. HP: 68/99 MP: 27/27
 29333 | Lair:5   | Identified the +10 rapier of Deekluaj {heavy, Str-2 Dex+5
                  | Stlth+}
 29350 | Lair:5   | Identified the +3 glaive of Dissent {freeze, rCorr Str-5
                  | Int+4}
 29742 | D:6      | Bought the ring "Ysachor" {rF++ rC+ rN+ Str+3 Dex+6} for
                  | 1014 gold pieces
 29753 | D:6      | Reached XP level 17. HP: 105/105 MP: 28/28
 29936 | D:15     | Entered Level 15 of the Dungeon
 30040 | D:15     | Reached skill level 5 in Invocations
 30426 | D:15     | Found a gate leading to a gauntlet.
 30451 | D:15     | Reached skill level 5 in Evocations
 30474 | Gauntlet | Entered a Gauntlet
 30474 | Gauntlet | Found a transporter.
 30484 | Gauntlet | Found a transporter.
 30499 | Gauntlet | Found a transporter.
 30504 | Gauntlet | Found a transporter.
 30519 | Gauntlet | Found a transporter.
 30538 | Gauntlet | Found a transporter.
 30550 | Gauntlet | Found a transporter.
 30562 | Gauntlet | Found a transporter.
 30574 | Gauntlet | Found a transporter.
 30586 | Gauntlet | Found a transporter.
 30592 | Gauntlet | Found a transporter.
 30592 | Gauntlet | Found a transporter.
 30631 | Gauntlet | Found a transporter.
 30658 | Gauntlet | Found a transporter.
 30676 | Gauntlet | Found a transporter.
 30678 | Gauntlet | Found a transporter.
 30756 | Gauntlet | Found a transporter.
 30780 | Gauntlet | Found a transporter.
 30998 | Gauntlet | Reached skill level 5 in Throwing
 31008 | Gauntlet | Identified the +0 hat "Qurixych" {Rampage *Slow SInv}
 31195 | D:15     | Noticed Rupert
 31231 | D:15     | Killed Rupert
 32165 | D:14     | Reached skill level 16 in Stealth
 32438 | D:14     | Noticed Josephine
 32449 | D:14     | Killed Josephine
 33338 | Orc:2    | Bought a book of Alchemy for 476 gold pieces
 33344 | Orc:2    | Learned a level 5 spell: Irradiate
 33349 | Orc:2    | Learned a level 4 spell: Petrify
 33385 | Elf:1    | Entered Level 1 of the Elven Halls
 33709 | Elf:1    | Noticed an Ice Fiend
 34247 | Elf:1    | Found Burossin's Jewellery Shop.
 35245 | Elf:1    | Found a runed translucent gate.
 35245 | Elf:1    | Found a runed translucent gate.
 35245 | Elf:1    | Found a runed translucent gate.
 35245 | Elf:1    | Found a runed translucent gate.
 35245 | Elf:1    | Found a runed translucent gate.
 35246 | Elf:1    | Noticed a Brimstone Fiend
 35248 | Elf:1    | Reached XP level 18. HP: 79/111 MP: 28/30
 35253 | Elf:1    | Gained mutation: You are dopey. (Int -2) [mutagenic glow]
 35311 | Elf:1    | Found a runed translucent gate.
 35688 | Elf:2    | Identified Roxanne's Directory of Forms
 35688 | Elf:2    | Noticed Roxanne
 35703 | Elf:2    | Killed Roxanne
 35910 | Elf:2    | Found a flickering gateway to a bazaar.
 35922 | Bazaar   | Entered a bazaar
 35922 | Bazaar   | Found Ipne's General Store.
 35922 | Bazaar   | Found Ryucurph's General Store.
 35973 | Bazaar   | Bought 2 scrolls of fear for 104 gold pieces
 35973 | Bazaar   | Bought a potion of invisibility for 104 gold pieces
 35973 | Bazaar   | Bought a scroll of poison for 52 gold pieces
 35973 | Bazaar   | Bought a potion of cancellation for 104 gold pieces
 35973 | Bazaar   | Bought a potion of lignification for 39 gold pieces
 35973 | Bazaar   | Bought a potion of brilliance for 52 gold pieces
 36005 | Bazaar   | Found Ullibol's General Store.
 36005 | Bazaar   | Found Iteid's General Store.
 36012 | Bazaar   | Bought a scroll of teleportation for 27 gold pieces
 36027 | Bazaar   | Found Kublaete's General Store.
 36027 | Bazaar   | Found Sofraelupo's General Store.
 36038 | Bazaar   | Bought a potion of curing for 24 gold pieces
 36049 | Bazaar   | Found Ycvy's General Store.
 36049 | Bazaar   | Found Jikkuz's General Store.
 36060 | Bazaar   | Bought a scroll of blinking for 142 gold pieces
 36060 | Bazaar   | Bought a potion of mutation for 152 gold pieces
 36337 | Elf:2    | Found a runed translucent gate.
 36394 | Elf:2    | Found a huge runed translucent gate.
 36394 | Elf:2    | Found a huge runed translucent gate.
 36451 | Elf:2    | Found a huge runed translucent gate.
 36451 | Elf:2    | Found a huge runed translucent gate.
 36451 | Elf:2    | Found a huge runed translucent gate.
 36452 | Elf:2    | Found a huge runed translucent gate.
 36452 | Elf:2    | Found a huge runed translucent gate.
 36452 | Elf:2    | Noticed a deep elf blademaster
 36453 | Elf:2    | Found a huge runed translucent gate.
 36457 | Elf:2    | Noticed a deep elf blademaster
 36548 | Elf:2    | Found a runed translucent gate.
 36548 | Elf:2    | Found a runed translucent gate.
 36799 | Elf:2    | Noticed Aizul
 36894 | Elf:2    | Killed Aizul
 36898 | Elf:2    | Gained mutation: Your spells are a little easier to cast,
                  | but a little less powerful. [mutagenic glow]
 36963 | Elf:2    | Lost mutation: You are dopey. (Int -2) [potion of mutation]
 36963 | Elf:2    | Lost mutation: Your spells are a little easier to cast, but
                  | a little less powerful. [potion of mutation]
 36963 | Elf:2    | Gained mutation: You are covered in fur. (AC +1) [potion of
                  | mutation]
 36963 | Elf:2    | Gained mutation: Your system is resistant to poisons.
                  | (rPois) [potion of mutation]
 37082 | Elf:2    | Reached skill level 5 in Shields
 37278 | Elf:2    | Noticed a deep elf blademaster
 37292 | Elf:2    | Killed a deep elf blademaster
 37616 | Elf:2    | Noticed Azrael
 37621 | Elf:2    | Killed Azrael
 37940 | Elf:3    | Entered Level 3 of the Elven Halls
 37977 | Elf:2    | Learned a level 6 spell: Statue Form
 38138 | Elf:3    | Reached skill level 10 in Transmutations
 38189 | Elf:3    | Identified the +1 robe "Beatumiu" {Rampage rElec Str+3
                  | Slay-5}
 38189 | Elf:3    | Identified the ring of Cyoskext {Will+ MP+9 Str-5 Dex+3}
 38297 | Elf:3    | Noticed a deep elf master archer
 38489 | Elf:3    | Killed a deep elf master archer
 38522 | Elf:3    | Identified the ring "Funulott" {Drain rCorr Str+6 Int+2
                  | Dex+4}
 38592 | Elf:3    | Noticed a deep elf blademaster
 38595 | Elf:3    | Killed a deep elf blademaster
 38631 | Elf:3    | Reached skill level 10 in Conjurations
 38647 | Elf:3    | Reached XP level 19. HP: 117/117 MP: 13/32
 38787 | Elf:3    | Reached skill level 17 in Stealth
 39192 | Elf:3    | Identified the +3 halberd of Dissatisfaction {distort,
                  | Str+3 Int+6}
 39201 | Elf:3    | Identified the staff "Vythrurgh" {Dex+4 Conj}
 39260 | Elf:3    | Got the Precepts of the Transformed Band
 39267 | Elf:3    | Got Qaxaneab's Lectures on Destruction and the Crevasse
 39282 | Elf:3    | Identified the staff of Debt {rElec rF+ Earth}
 39288 | Elf:3    | Identified the staff "Ixtoequf" {rPois rC+ Dex+3 Ice}
 39294 | Elf:3    | Identified the staff "Gram" {rF+ Will- Str+5 Dex+4 Fire}
 39902 | D:6      | Bought the ring "Goosieh" {Str+6 Dex+6} for 722 gold pieces
 40000 | D:6      | Killed caveywoolpert's ghost
 40330 | Elf:2    | Learned a level 7 spell: Dragon Form
 40678 | Snake:1  | Entered Level 1 of the Snake Pit
 40684 | Snake:1  | Found Fuoroh's Jewellery Emporium.
 40692 | Snake:1  | Found Myistuyty's Jewellery Emporium.
 42780 | Snake:3  | Identified the +8 war axe of Mayhem {heavy, rF+ Int+3}
 43174 | Snake:3  | Found Seeriu's Book Emporium.
 43479 | Snake:4  | Entered Level 4 of the Snake Pit
 43549 | Snake:4  | Reached XP level 20. HP: 124/124 MP: 33/33
 43553 | Snake:4  | Noticed Vashnia
 43564 | Snake:4  | Killed Vashnia
 43617 | Snake:4  | Identified the ring of Yrrutits {rCorr Str+3 Int+3}
 44089 | Snake:4  | Got a serpentine rune of Zot
 44426 | Swamp:1  | Entered Level 1 of the Swamp
 44426 | Swamp:1  | Noticed Louise
 44451 | Swamp:1  | Killed Louise
 45085 | Swamp:2  | Reached skill level 18 in Stealth
 46001 | Swamp:3  | Identified the +3 rapier of Evolution {speed, Dex+6 Stlth-}
 46086 | Swamp:4  | Entered Level 4 of the Swamp
 46158 | Swamp:4  | Reached skill level 10 in Spellcasting
 46193 | Swamp:4  | Reached XP level 21. HP: 129/129 MP: 35/35
 46431 | Swamp:4  | Noticed the 27-headed Lernaean hydra
 46442 | Swamp:4  | Killed the 27-headed Lernaean hydra
 46463 | Swamp:4  | Got a decaying rune of Zot
 46793 | Slime:1  | Entered Level 1 of the Pits of Slime
 47006 | Slime:2  | Gained mutation: Your body sometimes deteriorates upon
                  | taking damage. [a shining eye]
 47478 | Slime:2  | Gained mutation: You are clumsy. (Dex -2) [a shining eye]
 47480 | Slime:2  | Gained mutation: You are very clumsy. (Dex -4) [a shining
                  | eye]
 47481 | Slime:2  | Gained mutation: Your flesh is heat resistant. (rF+) [a
                  | shining eye]
 47729 | Depths:1 | Entered Level 1 of the Depths
 47729 | Depths:1 | Found a one-way gateway to a ziggurat.
 47773 | Depths:1 | Reached skill level 15 in Earth Magic
 47825 | Depths:1 | Noticed Mara
 47849 | Depths:1 | Noticed Anon1729's illusion
 48178 | Depths:1 | Noticed Anon1729's illusion
 48181 | Depths:1 | Killed Mara
 48217 | Depths:1 | Found a bloodstained altar of Trog.
 48283 | Depths:1 | Found a gateway to Hell.
 48618 | Depths:2 | Found a transporter.
 48741 | Depths:2 | Found a transporter.
 49068 | Depths:2 | Found a one-way gate leading to the halls of Pandemonium.
 49126 | Depths:2 | Reached XP level 22. HP: 136/136 MP: 36/36
 49643 | Depths:3 | Noticed Mennas
 49664 | Depths:3 | Killed Mennas
 49908 | Depths:3 | Reached skill level 19 in Stealth
 49954 | Depths:3 | Found a one-way gate to the infinite horrors of the Abyss.
 50169 | Depths:3 | Noticed a golden dragon
 50178 | Depths:3 | Killed a golden dragon
 50742 | Depths:2 | Reached skill level 10 in Invocations
 50768 | Depths:2 | Gained mutation: Your spells are a little easier to cast,
                  | but a little less powerful. [mutagenic glow]
 50851 | Depths:2 | Identified the +6 trident "Owalluj" {flame, rN+ Str+4}
 50896 | Depths:2 | Identified the ring "Vagam" {Ice Dex+3 Stlth+}
 50917 | Depths:2 | Identified the ring "Ysone" {MP+9 Dex+5}
 50961 | Depths:4 | Entered Level 4 of the Depths
 51062 | Depths:4 | Reached skill level 10 in Evocations
 51063 | Depths:4 | Found a gate to the Realm of Zot.
 51125 | Depths:4 | Reached XP level 23. HP: 143/143 MP: 37/37
 51171 | Depths:4 | Reached skill level 10 in Throwing
 51216 | Depths:4 | Found Ithevaux's Distillery.
 51216 | Depths:4 | Found Dusuq's Magic Scroll Shop.
 51240 | Depths:4 | Bought a scroll of blinking for 97 gold pieces
 51240 | Depths:4 | Bought a scroll of fog for 52 gold pieces
 51240 | Depths:4 | Bought a scroll of revelation for 97 gold pieces
 51247 | Depths:4 | Bought a potion of heal wounds for 65 gold pieces
 51247 | Depths:4 | Bought a potion of heal wounds for 65 gold pieces
 51247 | Depths:4 | Bought a potion of heal wounds for 65 gold pieces
 51247 | Depths:4 | Bought a potion of heal wounds for 65 gold pieces
 51247 | Depths:4 | Bought 2 potions of heal wounds for 130 gold pieces
 51247 | Depths:4 | Bought a potion of cancellation for 104 gold pieces
 51247 | Depths:4 | Bought a potion of mutation for 104 gold pieces
 51247 | Depths:4 | Bought 2 potions of invisibility for 208 gold pieces
 51247 | Depths:4 | Bought a potion of curing for 39 gold pieces
 51247 | Depths:4 | Bought a potion of berserk rage for 65 gold pieces
 51770 | Depths:4 | Got the Papyrus of Transmuted Maleficia
 51947 | Depths:3 | Paralysed by a floating eye for 2 turns
 52758 | Slime:3  | Found a viscous altar of Jiyva.
 53031 | Slime:5  | Entered Level 5 of the Pits of Slime
 53039 | Slime:5  | Noticed the Royal Jelly
 53055 | Slime:5  | Killed the Royal Jelly
 53305 | Slime:5  | Gained mutation: You are dopey. (Int -2) [a shining eye]
 53314 | Slime:5  | Identified the ring of Dissent {rPois rN+ Will+ Str+4 Dex+3
                  | Stlth-}
 53334 | Slime:5  | Identified the staff "Wiag" {rF+ rC+ Str+2 Fire}
 53389 | Slime:5  | Identified the ring of Mutualism {rElec rC+ Str-3 Int+6
                  | SInv}
 53429 | Slime:5  | Got a slimy rune of Zot
 53466 | Slime:5  | Identified the staff of the Disbelieving Eel {rPois Str+3
                  | Hexes Poison}
 53478 | Slime:5  | Identified the +12 halberd "Hieliash" {vamp, rElec rCorr
                  | Str+6 Stlth-}
 54071 | Snake:1  | Bought the amulet of Undoing {Reflect Rampage Will+ SH+5}
                  | for 724 gold pieces
 54634 | Zot:1    | Entered Level 1 of the Realm of Zot
 54751 | Zot:1    | Noticed a golden dragon
 54759 | Zot:1    | Killed a golden dragon
 54780 | Zot:1    | Reached XP level 24. HP: 145/149 MP: 38/38
 56623 | Zot:3    | Reached skill level 20 in Stealth
 56890 | Zot:3    | Reached skill level 15 in Conjurations
 56907 | Zot:3    | Found the +4 dragonskin cloak
 56907 | Zot:3    | Noticed Tiamat
 56921 | Zot:3    | Gained mutation: Your body often deteriorates upon taking
                  | damage. [mutagenic glow]
 56924 | Zot:3    | Noticed a Killer Klown
 56941 | Zot:3    | Killed a Killer Klown
 56950 | Zot:3    | Killed Tiamat
 57317 | Zot:3    | Noticed a dread lich
 57318 | Zot:3    | Noticed a dread lich
 57319 | Zot:3    | Noticed a dread lich
 57321 | Zot:3    | Noticed a dread lich
 57324 | Zot:3    | Killed a dread lich
 57326 | Zot:3    | Killed a dread lich
 57330 | Zot:3    | Killed a dread lich
 57331 | Zot:3    | Noticed a dread lich
 57332 | Zot:3    | Killed a dread lich
 57339 | Zot:3    | Killed a dread lich
 57399 | Zot:3    | Identified the +7 trident of the Protecting Bear {venom,
                  | rElec rN++ Int+2}
 57404 | Zot:3    | Identified the +7 shortbow of Xedoh {drain, Int+4}
 57881 | Zot:4    | Reached XP level 25. HP: 155/155 MP: 38/38
 58386 | Zot:5    | Entered Level 5 of the Realm of Zot
 59022 | Zot:5    | Noticed an orb of fire
 59028 | Zot:5    | Noticed an ancient lich
 59028 | Zot:5    | Gained mutation: You occasionally lose the ability to read
                  | scrolls when taking damage. [an orb of fire]
 59030 | Zot:5    | Gained mutation: You are frail. (-10% HP) [an orb of fire]
 59038 | Zot:5    | Killed an orb of fire
 59044 | Zot:5    | Killed an ancient lich
 59045 | Zot:5    | Reached skill level 10 in Shields
 59064 | Zot:5    | Noticed a Killer Klown
 59066 | Zot:5    | Noticed an orb of fire
 59066 | Zot:5    | Noticed an orb of fire
 59069 | Zot:5    | Killed a Killer Klown
 59075 | Zot:5    | Killed an orb of fire
 59075 | Zot:5    | Noticed an ancient lich
 59079 | Zot:5    | Killed an orb of fire
 59084 | Zot:5    | Killed an ancient lich
 59138 | Zot:5    | Noticed an orb of fire
 59149 | Zot:5    | Killed an orb of fire
 59223 | Zot:5    | Noticed a dread lich
 59230 | Zot:5    | Killed a dread lich
 59313 | Zot:5    | Noticed a Killer Klown
 59356 | Zot:5    | Killed a Killer Klown
 59391 | Zot:5    | Noticed a Killer Klown
 59401 | Zot:5    | Killed a Killer Klown
 59435 | Zot:5    | Noticed an orb of fire
 59439 | Zot:5    | Noticed an orb of fire
 59442 | Zot:5    | Killed an orb of fire
 59443 | Zot:5    | Reached skill level 15 in Fighting
 59443 | Zot:5    | Gained mutation: You are weak. (Str -2) [an orb of fire]
 59448 | Zot:5    | Gained mutation: You occasionally lose the ability to drink
                  | potions when taking damage. [an orb of fire]
 59449 | Zot:5    | Killed an orb of fire
 59554 | Zot:5    | Noticed an orb of fire
 59563 | Zot:5    | Killed an orb of fire
 59609 | Zot:5    | Noticed an orb of fire
 59627 | Zot:5    | Gained mutation: Your spells are easier to cast, but less
                  | powerful. [an orb of fire]
 59635 | Zot:5    | Killed an orb of fire
 59864 | Zot:5    | Reached skill level 21 in Stealth
 59911 | Zot:5    | Noticed a dread lich
 59916 | Zot:5    | Killed a dread lich
 59931 | Zot:5    | Noticed an ancient lich
 59935 | Zot:5    | Killed an ancient lich
 59944 | Zot:5    | Reached XP level 26. HP: 144/144 MP: 39/39
 60038 | Zot:5    | Noticed a Killer Klown
 60043 | Zot:5    | Killed a Killer Klown
 60046 | Zot:5    | Noticed a dread lich
 60053 | Zot:5    | Killed a dread lich
 60511 | Vaults:1 | Entered Level 1 of the Vaults
 60512 | Vaults:1 | Lost mutation: Your body often deteriorates upon taking
                  | damage. [potion of mutation]
 60512 | Vaults:1 | Lost mutation: Your flesh is heat resistant. (rF+) [potion
                  | of mutation]
 60512 | Vaults:1 | Gained mutation: You are partially covered in iridescent
                  | scales. (AC +2) [potion of mutation]
 60513 | Vaults:1 | Lost mutation: You occasionally lose the ability to drink
                  | potions when taking damage. [potion of mutation]
 60513 | Vaults:1 | Lost mutation: You are weak. (Str -2) [potion of mutation]
 60513 | Vaults:1 | Lost mutation: You occasionally lose the ability to read
                  | scrolls when taking damage. [potion of mutation]
 60513 | Vaults:1 | Lost mutation: You are dopey. (Int -2) [potion of mutation]
 60514 | Vaults:1 | Lost mutation: You are partially covered in iridescent
                  | scales. (AC +2) [potion of mutation]
 60514 | Vaults:1 | Lost mutation: Your spells are easier to cast, but less
                  | powerful. [potion of mutation]
 60514 | Vaults:1 | Gained mutation: You are covered in thick fur. (AC +2)
                  | [potion of mutation]
 60515 | Vaults:1 | Lost mutation: Your body sometimes deteriorates upon taking
                  | damage. [potion of mutation]
 60515 | Vaults:1 | Lost mutation: You are covered in thick fur. (AC +2)
                  | [potion of mutation]
 60515 | Vaults:1 | Lost mutation: You are frail. (-10% HP) [potion of
                  | mutation]
 60516 | Vaults:1 | Lost mutation: Your spells are a little easier to cast, but
                  | a little less powerful. [potion of mutation]
 60516 | Vaults:1 | Lost mutation: You are very clumsy. (Dex -4) [potion of
                  | mutation]
 60516 | Vaults:1 | Gained mutation: Your body sometimes deteriorates upon
                  | taking damage. [potion of mutation]
 60516 | Vaults:1 | Lost mutation: Your system is resistant to poisons. (rPois)
                  | [potion of mutation]
 60516 | Vaults:1 | Gained mutation: You possess an exceptional clarity of
                  | mind. [potion of mutation]
 60729 | Vaults:1 | Reached skill level 15 in Dodging
 60941 | Vaults:1 | Found the dreamshard necklace {Acrobat *Dream}
 60960 | Vaults:1 | Found a runed translucent door.
 60960 | Vaults:1 | Noticed NigelTetley's ghost (adept GrEE)
 61165 | Vaults:1 | Reached skill level 15 in Unarmed Combat
 61913 | Vaults:1 | Killed NigelTetley's ghost
 62252 | Vaults:2 | Found a flickering gateway to a bazaar.
 62327 | Vaults:2 | Found Qammappu's Armour Shop.
 62384 | Bazaar   | Entered a bazaar
 62384 | Bazaar   | Found Horazono's Jewellery Emporium.
 62384 | Bazaar   | Found Ipatoagu's Distillery.
 62402 | Bazaar   | Found Usoum's Antique Armour Boutique.
 62426 | Bazaar   | Found Ubleot's General Store.
 62434 | Bazaar   | Bought 2 potions of curing for 66 gold pieces
 62434 | Bazaar   | Found Kiuzoh's Antique Weapon Shoppe.
 62464 | Bazaar   | Bought a potion of curing for 42 gold pieces
 62464 | Bazaar   | Bought a potion of heal wounds for 70 gold pieces
 62464 | Bazaar   | Bought a potion of brilliance for 56 gold pieces
 62464 | Bazaar   | Bought a potion of enlightenment for 70 gold pieces
 62464 | Bazaar   | Bought a potion of enlightenment for 70 gold pieces
 62464 | Bazaar   | Bought a potion of invisibility for 112 gold pieces
 62464 | Bazaar   | Bought a potion of berserk rage for 70 gold pieces
 62464 | Bazaar   | Bought a potion of might for 56 gold pieces
 62464 | Bazaar   | Bought 2 potions of brilliance for 112 gold pieces
 62539 | Vaults:2 | Found a staircase to the Crypt.
 62539 | Vaults:2 | Noticed Bai Suzhen
 62547 | Vaults:2 | Killed Bai Suzhen
 63012 | Vaults:2 | Found Ciuc's Jewellery Emporium.
 63431 | Vaults:3 | Noticed Donald
 63435 | Vaults:3 | Killed Donald
 63845 | Vaults:3 | Reached XP level 27. HP: 170/170 MP: 39/39
 64503 | Vaults:4 | Found a glowing silver altar of Zin.
 64503 | Vaults:4 | Found a white marble altar of Elyvilon.
 64503 | Vaults:4 | Found a crumbling gateway.
 64525 | Vaults:4 | Found a glowing golden altar of the Shining One.
 64536 | Desolati | Entered the Desolation of Salt
 64599 | Desolati | Identified the ring of Tubel {rC+ Str+2 Dex+6 Stlth-}
 64762 | Desolati | Reached skill level 15 in Throwing
 64769 | Desolati | Reached skill level 22 in Stealth
 64823 | Desolati | Identified the ring of Kiheusut {*Slow rElec Str+6 Int+7
                  | Stlth-}
 64982 | Desolati | Identified the ring "Gyvo" {rPois Will+}
 64984 | Desolati | Identified the staff "Hedwock" {Stlth+ Conj}
 64985 | Desolati | Identified the +2 scimitar "Uzeon" {vamp, rElec rPois rC+
                  | Int-3}
 65074 | Desolati | Identified the amulet of Immorality {Acrobat Str+4 Slay+2}
 65156 | Desolati | Got the Tome of Transposition
 66309 | Vaults:5 | Entered Level 5 of the Vaults
 66806 | Vaults:5 | Noticed an ancient lich
 66815 | Vaults:5 | Killed an ancient lich
 67006 | Vaults:5 | Noticed an ancient lich
 67011 | Vaults:5 | Killed an ancient lich
 67094 | Vaults:5 | Reached skill level 23 in Stealth
 67114 | Vaults:5 | Noticed a dread lich
 67118 | Vaults:5 | Killed a dread lich
 67760 | Vaults:5 | Noticed an ancient lich
 67768 | Vaults:5 | Killed an ancient lich
 67888 | Vaults:5 | Identified the ring "Qurusom" {rN+ MP+9 Str+2 Int+3}
 67907 | Vaults:5 | Got a silver rune of Zot
 68010 | Vaults:5 | Identified the +4 rapier "Hedghyosch" {flame, +Blink}
 68023 | Vaults:5 | Found Ujovyehy's Jewellery Shop.
 68532 | Vaults:5 | Learned a level 2 spell: Wereblood
 68677 | Crypt:1  | Entered Level 1 of the Crypt
 69305 | Crypt:1  | Found the +9 sword of Zonguldrok {reap}
 70070 | Crypt:2  | Found a runed translucent door.
 70070 | Crypt:2  | Noticed Titucsi's ghost (adept GrFi)
 70084 | Crypt:2  | Killed Titucsi's ghost
 70127 | Crypt:2  | Reached skill level 24 in Stealth
 70431 | Crypt:3  | Entered Level 3 of the Crypt
 70434 | Crypt:3  | Noticed Jory
 70438 | Crypt:3  | Killed Jory
 70442 | Crypt:3  | Noticed Saint Roka
 70450 | Crypt:3  | Killed Saint Roka
 70637 | Crypt:3  | Noticed Margery
 70652 | Crypt:3  | Killed Margery
 71007 | Crypt:3  | Got Uggifuh's Information on Last Rites
 71143 | Crypt:3  | Noticed an ancient lich
 71151 | Crypt:3  | Killed an ancient lich
 71390 | Crypt:3  | Noticed Sojobo
 71397 | Crypt:3  | Killed Sojobo
 71725 | Crypt:3  | Found a staircase to the Tomb.
 71727 | Crypt:3  | Noticed a dread lich
 71730 | Crypt:3  | Killed a dread lich
 71733 | Crypt:3  | Noticed a dread lich
 71740 | Crypt:3  | Killed a dread lich
 71858 | Crypt:3  | Identified the +5 great sword "Ogre's Bane" {flame, rElec
                  | Int-5 Dex+4 Stlth+}
 71858 | Crypt:3  | Noticed an ancient lich
 71865 | Crypt:3  | Killed an ancient lich
 72419 | Hell     | Entered the Vestibule of Hell
 72420 | Hell     | Gained mutation: You are dopey. (Int -2) [a cacodemon]
 72420 | Hell     | Noticed Geryon
 72786 | Hell     | Killed Geryon
 72838 | Hell     | Found a gateway to the ashen valley of Gehenna.
 72962 | Hell     | Found a gateway to the decaying netherworld of Tartarus.
 72976 | Hell     | Reached skill level 25 in Stealth
 73100 | Hell     | Found a gateway to the freezing wastes of Cocytus.
 73318 | Hell     | Found a gateway to the Iron City of Dis.
 73453 | Abyss:5  | Found a transporter.
 73453 | Abyss:5  | Cast into level 5 of the Abyss (unwielding a weapon of
                  | distortion)
 73457 | Abyss:5  | Found a corrupted altar of Lugonu.
 73458 | Abyss:5  | Gained mutation: You are very dopey. (Int -4) [mutagenic
                  | glow]
 73464 | Abyss:5  | Found a transporter.
 73468 | Abyss:5  | Gained mutation: You occasionally shout uncontrollably at
                  | your foes. [mutagenic glow]
 73816 | Abyss:5  | Paralysed by accursed screaming for 1 turns
 73821 | Hell     | Escaped the Abyss
 74004 | Depths:3 | Voluntarily entered the Abyss.
 74024 | Abyss:5  | Paralysed by accursed screaming for 2 turns
 74048 | Abyss:5  | Paralysed by accursed screaming for 2 turns
 74064 | Abyss:5  | Paralysed by accursed screaming for 1 turns
 74072 | Abyss:5  | Paralysed by accursed screaming for 1 turns
 74074 | Abyss:5  | Paralysed by accursed screaming for 1 turns
 74077 | Abyss:5  | Found a runed translucent door.
 74083 | Abyss:5  | Found a runed translucent door.
 74108 | Abyss:5  | Reached skill level 15 in Evocations
 74124 | Depths:3 | Escaped the Abyss
 74482 | Zig:1    | Entered Level 1 of a ziggurat
 74501 | Zig:2    | Entered Level 2 of a ziggurat
 74524 | Zig:3    | Entered Level 3 of a ziggurat
 74538 | Zig:3    | Identified the staff "Idaap" {rF+ rCorr Int-3 Dex+8 Stlth+
                  | Fire}
 74546 | Zig:4    | Entered Level 4 of a ziggurat
 74557 | Zig:4    | Reached skill level 15 in Invocations
 74564 | Zig:4    | Identified the +5 long sword of Beyond {heavy, rF++}
 74591 | Zig:5    | Entered Level 5 of a ziggurat
 74615 | Zig:5    | Identified the +0 scale mail of the Spheres {Will+ rCorr}
 74618 | Zig:5    | Identified the +8 dagger of Nosofua {venom, rPois rN+
                  | Str+4}
 74621 | Zig:5    | Got the Reference Book on Glowing Pollution
 74626 | Zig:6    | Entered Level 6 of a ziggurat
 74667 | Zig:6    | Identified the ring of Symmetry {Fly Int+3}
 74684 | Zig:7    | Entered Level 7 of a ziggurat
 74801 | Zig:7    | Reached skill level 26 in Stealth
 74810 | Zig:7    | Identified the staff "Nealac" {rElec Stlth+ Earth}
 74815 | Zig:8    | Entered Level 8 of a ziggurat
 75021 | Zig:8    | Found the +12 glaive of Prune {freeze, Prune}
 75044 | Zig:8    | Identified the +0 great sword "Zuvih" {freeze, Stlth+}
 75048 | Zig:9    | Entered Level 9 of a ziggurat
 75070 | Zig:10   | Entered Level 10 of a ziggurat
 75410 | Zig:10   | Identified the staff of Laceration {rN+ Dex+2 Necro}
 75415 | Zig:10   | Identified the staff of Neurosis {rPois rN+ Str+3 Necro}
 75422 | Zig:10   | Identified the staff of the Crawling Thing {rPois rF- Int+2
                  | Dex+3 Stlth+ Poison}
 75432 | Zig:10   | Identified the +0 robe "Uraupn" {Archmagi}
 75449 | Zig:11   | Entered Level 11 of a ziggurat
 75458 | Zig:11   | Gained mutation: You are vulnerable to heat. (rF-) [a
                  | shining eye]
 75465 | Zig:11   | Paralysed by a floating eye for 2 turns
 75469 | Zig:11   | Paralysed by a floating eye for 4 turns
 75475 | Zig:11   | Gained mutation: You occasionally lose the ability to read
                  | scrolls when taking damage. [a shining eye]
 75494 | Zig:11   | Found the +8 lance "Wyrmbane" {slay drac, rPois rF+ rC+
                  | AC+3}
 75657 | Zig:11   | Got the Compilation of Cursed Battle Magic
 75661 | Zig:11   | Identified the +8 scimitar of Seofuv {flame, *Noise Fragile
                  | Int+8 Stlth+}
 75668 | Zig:11   | Identified the +2 lajatang of the Owl {heavy, rF+ Will-
                  | Str+3}
 75686 | Zig:11   | Lost mutation: You are vulnerable to heat. (rF-) [potion of
                  | mutation]
 75686 | Zig:11   | Lost mutation: You are very dopey. (Int -4) [potion of
                  | mutation]
 75686 | Zig:11   | Lost mutation: You are dopey. (Int -2) [potion of mutation]
 75686 | Zig:11   | Gained mutation: Your natural rate of healing is unusually
                  | fast. [potion of mutation]
 75686 | Zig:11   | Gained mutation: You have hidden genetic defects. [potion
                  | of mutation]
 75686 | Zig:11   | Gained mutation: You expend magic power (3 MP) to
                  | strengthen your wands. [potion of mutation]
 75687 | Zig:11   | Lost mutation: You expend magic power (3 MP) to strengthen
                  | your wands. [potion of mutation]
 75687 | Zig:11   | Lost mutation: You possess an exceptional clarity of mind.
                  | [potion of mutation]
 75687 | Zig:11   | Lost mutation: You have hidden genetic defects. [potion of
                  | mutation]
 75687 | Zig:11   | Gained mutation: One of your tentacles bears a spike.
                  | [potion of mutation]
 75687 | Zig:11   | Gained mutation: Your system is resistant to poisons.
                  | (rPois) [potion of mutation]
 75688 | Zig:11   | Lost mutation: Your system is resistant to poisons. (rPois)
                  | [potion of mutation]
 75688 | Zig:11   | Lost mutation: You occasionally shout uncontrollably at
                  | your foes. [potion of mutation]
 75688 | Zig:11   | Gained mutation: You expend magic power (3 MP) to
                  | strengthen your wands. [potion of mutation]
 75688 | Zig:11   | Gained mutation: You are partially covered in iridescent
                  | scales. (AC +2) [potion of mutation]
 75689 | Zig:11   | Lost mutation: You are covered in fur. (AC +1) [potion of
                  | mutation]
 75689 | Zig:11   | Lost mutation: You are clumsy. (Dex -2) [potion of
                  | mutation]
 75689 | Zig:11   | Gained mutation: You have very sharp teeth. [potion of
                  | mutation]
 75689 | Zig:11   | Gained mutation: You are covered in fur. (AC +1) [potion of
                  | mutation]
 75690 | Zig:11   | Lost mutation: You expend magic power (3 MP) to strengthen
                  | your wands. [potion of mutation]
 75690 | Zig:11   | Lost mutation: Your natural rate of healing is unusually
                  | fast. [potion of mutation]
 75690 | Zig:11   | Lost mutation: One of your tentacles bears a spike. [potion
                  | of mutation]
 75690 | Zig:11   | Gained mutation: You passively dampen the noise of your
                  | surroundings. [potion of mutation]
 75690 | Zig:11   | Gained mutation: You are weak. (Str -2) [potion of
                  | mutation]
 75690 | Zig:11   | Gained mutation: Your flesh is cold resistant. (rC+)
                  | [potion of mutation]
 75691 | Zig:11   | Lost mutation: You occasionally lose the ability to read
                  | scrolls when taking damage. [potion of mutation]
 75691 | Zig:11   | Lost mutation: You passively dampen the noise of your
                  | surroundings. [potion of mutation]
 75691 | Zig:11   | Gained mutation: You have hidden genetic potential. [potion
                  | of mutation]
 75696 | Zig:12   | Entered Level 12 of a ziggurat
 75705 | Zig:12   | Noticed Goxer the pandemonium lord
 75705 | Zig:12   | Noticed Jaguvaal the pandemonium lord
 75705 | Zig:12   | Noticed Zungepn the pandemonium lord
 75711 | Zig:12   | Noticed Fainnoycogg the pandemonium lord
 75713 | Zig:12   | Killed Goxer the pandemonium lord
 75718 | Zig:12   | Killed Jaguvaal the pandemonium lord
 75724 | Zig:12   | Reached skill level 27 in Stealth
 75724 | Zig:12   | Paralysed by a floating eye for 2 turns
 75725 | Zig:12   | Gained mutation: You are dopey. (Int -2) [a shining eye]
 75727 | Zig:12   | HP: 3/173 [Zungepn the pandemonium lord/bolt of lightning
                  | (24)]
 75728 | Zig:12   | Mangled by a Killer Klown

Illustrated notes

Levels and vault maps discovered:
D:1:      spicycebolla_arrival_ecumenical, layout_basic, serial_shops, shop
D:2:      layout_rooms, minmay_misc_feat_secret_circle, corner_web_ring
D:3:      layout_loops_ring, nemelex_diamond_rough_becter, serial_bayou_ford_a
D:4:      layout_rooms, dreamdust_princess_corridor
D:5:      layout_gridville, yredelemnul_altar_generic, serial_shops,
          nicolae_shop_temple_entry_statues_fountains,
          lightli_ossuary_entry_decrepit_ruins, bh_walls_and_bars, uniq_pikel
D:6:      layout_gridville, nicolae_tso_swordbearing_angel, temple_garden,
          ebering_ghost_disaster_area, serial_shops,
          nicolae_shop_overgrown_old_shop, nicolae_lakefront_shop, shop, shop,
          minmay_manual_maat
D:7:      lemuel_ice_statue, layout_cave_pools
D:8:      layout_basic, uniq_erica
D:9:      layout_roguey, grunt_lair_entry_orc_guard_hut, uniq_prince_ribbit1
D:10:     minmay_four_partial_circles, layout_loops_ring,
          mainiacjoe_overflow_two_lobes, serial_aquarium, aquarium_bridge_square
          [aquarium_subvault_balcony, aquarium_subvault_bridge,
          aquarium_subvault_bridge, aquarium_subvault_wall],
          aquarium_bridge_square [aquarium_subvault_wall,
          aquarium_subvault_balcony, aquarium_subvault_bridge,
          aquarium_subvault_bridge], aquarium_window_corridor_3,
          aquarium_window_1, aquarium_window_1, aquarium_view_2f,
          aquarium_pool_side, grunt_decor_cap, nicolae_stop_n_shop_1,
          nicolae_specific_store, minmay_misc_feat_hallway
D:11:     layout_cave_pools, erik_orc_3, hangedman_decor_opposing
D:12:     layout_cave_pools, st_stairs_12, kennysheep_kite_vault
D:13:     layout_loops_ring
D:14:     minmay_concentric_multi, layout_grid_maze, david_vaults_1,
          minmay_misc_feat_alley, serial_shops, shop, shop, uniq_agnes,
          uniq_josephine
D:15:     hangedman_depths_entry_try_elsewhere_first, layout_irregular_city,
          dreamdust_wishing_well, gauntlet_entry_generic, uniq_rupert
Temple:   minmay_temple_bridge_d
Lair:1:   layout_regular_city, chequers_serial_rivers_marsh
Lair:2:   gammafunk_cloud_chamber, layout_hall_layers,
          guppyfry_snake_entry_garden, minivault_24
Lair:3:   layout_cellular_growth, swamp_mist, portal_ice_cave_entry_pillars_1,
          bobbens_dragon_lair_wall, infiniplex_staircase_pool, uniq_kirke
Lair:4:   layout_regular_city, minmay_slime_entry_oklob_open, enter_volcano_3,
          chequers_serial_rivers_micro_d, lemuel_old_faithful
Lair:5:   hangedman_lair_caniforms_friends, layout_loops_ring,
          hangedman_lair_in_review
Swamp:1:  layout_basic_swamp, hangedman_swamp_diagram, swamp_pool5, uniq_louise
Swamp:2:  layout_basic_swamp, serial_swamp_ruin, evilmike_swamp_ruin_house_5,
          evilmike_swamp_ruin_house_4, evilmike_swamp_ruin_rubble_2,
          swamp_pool1, nicolae_swamp_well_well_well
Swamp:3:  layout_basic_swamp, evilmike_swamp_ruin_house_6, swamp_pool1
Swamp:4:  swamp, layout_basic_swamp, swamp_pool3, grunt_hermit_hut
Snake:1:  layout_gridlike, nrook_guardian_serpent_double, minmay_shop_star
Snake:2:  layout_chambers
Snake:3:  layout_grid_maze, serial_shops, nicolae_shop_just_a_little_nook,
          grunt_megastairs_5
Snake:4:  grunt_snake_rune_pools, layout_cave_town, uniq_vashnia
Slime:1:  layout_caves
Slime:2:  layout_caves, nicolae_slime_phagocytosis
Slime:3:  layout_caves, basic_altar
Slime:4:  layout_caves
Slime:5
Orc:1:    layout_caves, nicolae_orc_tapped_out
Orc:2:    st_orc_mages, layout_caves, basic_altar, uniq_maurice
Elf:1:    eino_elf_arrival_sip, layout_geoelf_octagon, serial_shops, shop,
          orc_legates
Elf:2:    nicolae_elf_blades_crystal_corner, layout_gridlike, serial_shops,
          bzr_firewalk, nicolae_elf_double_double_double_trouble, uniq_aizul,
          uniq_roxanne, uniq_azrael
Elf:3:    grunt_elf_hall_spiral, layout_geoelf_octagon
Vaults:1: ebering_ghost_inner_flame, nicolae_vaults_heart-shaped_vault,
          v_alt_pattern_5, dpeg_vaults_monster_box, v_misc_11,
          vaults_dpeg_doors, nicolae_vaults_apartment_1,
          nicolae_vaults_wine_cellar, v_misc_30, vaults_room_pool,
          grunt_vaults_diagonal, layout_vaults_quadrants
Vaults:2: nicolae_vaults_network_square, minmay_crypt_entry_simple_sparse,
          nicolae_vaults_house_2, vaults_mumra_chevron_long,
          nicolae_vaults_know_your_exits, nicolae_vaults_tangram_1, v_misc_18,
          hangedman_vaults_cutoff, vaults_dpeg_encased_lava, v_misc_33,
          nicolae_vaults_little_squares_1, ontoclasm_vaults_shuriken,
          hangedman_vaults_snaps, v_pattern_1, v_misc_19, layout_vaults_maze,
          serial_shops, bzr_entry_safe, shop, nicolae_shop_rolling_square,
          uniq_bai_suzhen
Vaults:3: vaults_mumra_hexcomb, v_pattern_5, vaults_room_large_hall,
          hangedman_vaults_stretched_pinwheel,
          vaults_standard_mumra_enter_the_diamond, vaults_room_pool,
          ontoclasm_vaults_twist, hangedman_vaults_hat, vaults_mumra_minichess,
          v_misc_3, nicolae_vaults_little_squares_2, nicolae_vaults_tangram_1,
          layout_vaults_big_cross, uniq_donald
Vaults:4: portal_desolation_entry_holy_temple, nicolae_vaults_trapezoid_2,
          nicolae_vaults_tetromino_T_2, hangedman_vaults_corner_blocks,
          v_misc_11, v_pattern_2, v_misc_23,
          nicolae_vaults_windows_and_doors_thing, nicolae_vaults_shelves_hall,
          vaults_room_grunt_arrival_ludios, vaults_dpeg_cross,
          nicolae_vaults_diagonal_hallway_6, nicolae_vaults_specimen_jars,
          layout_vaults_ring
Vaults:5: serial_shops
Crypt:1:  layout_misc_corridors, minmay_guarded_unrand_zonguldrok,
          grunt_crypt_arrival_webbed
Crypt:2:  layout_gridlike, hellmonk_ghost_happy_afterlife, st_stairs_6,
          eino_tiny_chamber, grunt_megastairs_3
Crypt:3:  quadcrypt_mu, uniq_sojobo, uniq_jory, uniq_margery, uniq_saint_roka
Depths:1: layout_gridville, enter_ziggurat_f, hellmonk_bongcloud_opening,
          grunt_mini_vestibule, bloody_trog, grunt_megastairs_4,
          serial_bayou_shore_a, uniq_mara
Depths:2: gammafunk_dig_for_victory, layout_gridville,
          pf_vacation_house_of_asmodeus, minmay_door_square,
          rand_demon_pan_entry_7
Depths:3: minmay_inside_and_out, layout_gridlike, abyss_entry, pf_coc_iceberg,
          chequers_serial_rivers_micro_d, nrook_loot_triangle,
          nrook_mini_vaults, grunt_ministairs_8, uniq_mennas
Depths:4: grunt_zot_entry_bicorn, layout_gridlike, chequers_decorated_corner,
          hell_entry, minmay_shoptagon
Hell
Zot:1:    layout_misc_corridors, zot_minivault_1
Zot:2:    layout_onion_interference
Zot:3:    hellmonk_paralyzer, layout_onion_interference, uniq_tiamat
Zot:4:    layout_gridville
Zot:5:    layout_twisted_circle
Zig:12

Skill      XL: |  1  2  3  4  5  6  7  8  9 10 11 12 13 14 15 16 17 18 19 20 21 22 23 24 25 26 27 |
---------------+----------------------------------------------------------------------------------+-----
Fighting       | 4 5 6 7 8 9 10 11 12 13 14 15 17 | 17.5
Unarmed Combat | 4 5 6 7 8 9 10 11 12 13 14 15 17 | 17.2
Dodging        | 4 5 6 7 8 9 10 11 12 13 14 15 17 | 17.3
Earth Magic    | 1 2 3 4 5 6 7 8 9 10 11 12 13 14 15 16 17 18 19 21 | 21.6
Spellcasting   | 1 2 4 5 6 7 8 9 10 11 12 14 | 14.5
Stealth        | 2 6 8 11 13 14 15 16 17 18 19 20 21 27 | 27.0
Summonings     | 1 |  1.0
Transmutations | 1 2 4 5 6 7 8 9 10 11 12 14 | 14.1
Conjurations   | 2 5 6 7 8 10 11 12 13 14 15 | 15.0
Evocations     | 1 3 4 5 6 7 8 9 10 11 12 15 | 15.3
Invocations    | 1 3 4 6 7 8 9 10 11 12 15 | 15.2
Throwing       | 1 3 4 5 6 7 8 9 10 12 13 14 17 | 17.4
Shields        | 2 3 4 5 6 7 9 11 12 14 | 14.6

Action                     |  1- 3 |  4- 6 |  7- 9 | 10-12 | 13-15 | 16-18 | 19-21 | 22-24 | 25-27 || total
---------------------------+-------+-------+-------+-------+-------+-------+-------+-------+-------++-------
  Melee: Unarmed           |    66 |    54 |   211 |   351 |   444 |   254 |   697 |   660 |  1724 ||  4461
         Tentacles         |    18 |    16 |    64 |   109 |   130 |   161 |   204 |   268 |   648 ||  1618
         Constrict         |    20 |    16 |    46 |    38 |    55 |    73 |    93 |    97 |   320 ||   758
         Punch             |     2 |     2 |     7 |    21 |    46 |    47 |    83 |   111 |   304 ||   623
         Staff             |       |       |       |       |       |   137 |    20 |       |       ||   157
         Bite              |       |       |       |       |       |       |       |       |     3 ||     3
  Throw: Boomerang         |       |     3 |       |       |       |       |       |       |       ||     3
         Dart              |       |     4 |     7 |    82 |    32 |    10 |       |       |       ||   135
   Cast: Passwall          |       |       |       |     9 |     4 |    11 |       |     5 |     1 ||    30
         Summon Small Mamm |       |       |       |     1 |       |     1 |     7 |       |       ||     9
         Stone Arrow       |       |       |       |       |   582 |   212 |    31 |     3 |     1 ||   829
         Leda's Unmaking   |       |       |       |       |    20 |     7 |     1 |     3 |     3 ||    34
         Sandblast         |       |       |       |       |     3 |     2 |       |       |       ||     5
         Irradiate         |       |       |       |       |       |    38 |    14 |    20 |    27 ||    99
         Petrify           |       |       |       |       |       |     6 |     4 |     1 |       ||    11
         Statue Form       |       |       |       |       |       |     4 |    86 |    58 |   132 ||   280
         Dragon Form       |       |       |       |       |       |       |     1 |       |       ||     1
         Wereblood         |       |       |       |       |       |       |       |       |     1 ||     1
 Invoke: Recall Ancestor   |       |       |     3 |    20 |    17 |    10 |     2 |     2 |     3 ||    57
         Ancestor Life: He |       |       |     1 |       |       |       |       |       |       ||     1
         Transference      |       |       |       |     1 |     3 |       |       |       |       ||     4
         Idealise          |       |       |       |       |     1 |     5 |     1 |     1 |       ||     8
Ability: End Transformatio |       |       |       |       |       |       |     2 |       |       ||     2
  Evoke: Wand              |       |       |       |     3 |    14 |     4 |     1 |    18 |     9 ||    49
         Phantom mirror    |       |       |       |       |       |     1 |       |     1 |     1 ||     3
         Phial of floods   |       |       |       |       |       |     1 |       |     1 |       ||     2
         Tin of tremorston |       |       |       |       |       |       |       |     3 |     3 ||     6
    Use: Scroll            |       |     4 |     1 |    10 |    25 |     4 |     3 |     9 |    12 ||    68
         Potion            |       |     1 |       |     3 |    11 |     4 |     1 |     6 |    35 ||    61
   Stab: Sleeping          |     5 |     2 |     4 |     3 |     3 |     5 |    11 |     4 |    15 ||    52
         Distracted        |     1 |       |       |     5 |     9 |    12 |    15 |    19 |    44 ||   105
         Confused          |       |       |     3 |     7 |     8 |     4 |    57 |    60 |   127 ||   266
         Paralysed         |       |       |       |       |     7 |    33 |    51 |    41 |   110 ||   242
         Petrified         |       |       |       |       |       |       |     2 |       |       ||     2
 Armour: Skin              |     9 |     3 |     5 |     5 |     8 |    13 |   135 |   192 |   310 ||   680
  Dodge: Dodged            |    29 |    48 |   170 |   315 |   486 |   411 |   678 |   907 |  2073 ||  5117
  Block: Kite shield       |       |       |       |       |    90 |   310 |   493 |   648 |  2085 ||  3626
         Reflection        |       |       |       |       |       |       |       |     1 |    64 ||    65

Table legend: (Time is in decaauts)
 A = Elapsed time spent in this place.
 B = Non-inter-level travel time spent in this place.
 C = Inter-level travel time spent in this place.
 D = Time resting spent in this place.
 E = Time spent auto-exploring this place.
 F = Levels seen in this place.
 G = Mean time per level.
                   A        B        C        D        E       F      G
               +--------+--------+--------+--------+--------+-----+--------+
         Total |  83091 |  74220 |   8871 |  10950 |  44298 |  77 | 1079.1 |
       Dungeon |  18913 |  15561 |   3352 |   2335 |   8787 |  15 | 1260.9 |
        Temple |    369 |    223 |    146 |      0 |    211 |   1 |  369.0 |
          Lair |  10523 |   8883 |   1640 |   1530 |   5429 |   5 | 2104.6 |
         Swamp |   3142 |   2994 |    148 |     28 |   2192 |   4 |  785.5 |
     Snake Pit |   4597 |   4374 |    223 |     29 |   3505 |   4 | 1149.2 |
    Slime Pits |   2576 |   2295 |    281 |    151 |   1512 |   5 |  515.2 |
  Orcish Mines |   2376 |   2120 |    256 |    572 |   1209 |   2 | 1188.0 |
   Elven Halls |   6850 |   6063 |    787 |   1597 |   2634 |   3 | 2283.3 |
        Vaults |   8634 |   8089 |    545 |    827 |   5647 |   5 | 1726.8 |
         Crypt |   4444 |   4307 |    137 |    102 |   3322 |   3 | 1481.3 |
        Depths |   6668 |   5843 |    825 |    811 |   3411 |   4 | 1667.0 |
          Hell |   1109 |   1083 |     26 |    110 |    630 |   1 | 1109.0 |
           Zot |   6517 |   6016 |    501 |    807 |   3728 |   5 | 1303.4 |
         Abyss |    574 |    574 |      0 |    201 |      0 |   2 |  287.0 |
      Ziggurat |   1447 |   1447 |      0 |    609 |    249 |  12 |  120.6 |
        Bazaar |    260 |    260 |      0 |      0 |    206 |   2 |  130.0 |
       Ossuary |    486 |    486 |      0 |    143 |    174 |   1 |  486.0 |
      Ice Cave |   2096 |   2096 |      0 |   1021 |    700 |   1 | 2096.0 |
    Desolation |    852 |    852 |      0 |     36 |    417 |   1 |  852.0 |
      Gauntlet |    649 |    649 |      0 |     38 |    332 |   1 |  649.0 |
               +--------+--------+--------+--------+--------+-----+--------+

Top non-repeatable levels by time:
   Elf:2: 3012 daAuts
  Lair:5: 2701 daAuts
  Lair:3: 2452 daAuts
    D:10: 2282 daAuts
    D:14: 2253 daAuts
 Crypt:3: 2240 daAuts
   Zot:5: 2183 daAuts
   Elf:1: 2139 daAuts
  Lair:4: 2118 daAuts
Vaults:4: 2117 daAuts
   IceCv: 2096 daAuts
Depths:3: 2078 daAuts
Vaults:5: 1996 daAuts
  Lair:2: 1920 daAuts
     D:6: 1794 daAuts
